 Dungeon Crawl Stone Soup version 0.20.0-15-g7f486f2 (webtiles) character file.

10614839 CrazyArbalest the Minotaur Arbalest (level 27, 269/273 HPs)
             Began as a Minotaur Hunter on June 20, 2017.
             Was the Champion of the Shining One.
             Escaped with the Orb
             ... and 15 runes on June 23, 2017!
             The game lasted 1 day 01:19:44 (160868 turns).

CrazyArbalest the Minotaur Arbalest (MiHu)    Turns: 160868, Time: 1 , 01:19:44

Health: 269/273    AC: 50    Str: 27    XL:     27
Magic:  47/47      EV: 32    Int:  8    God:    the Shining One [******]
Gold:   14959      SH:  0    Dex: 23    Spells: 65/69 levels left

rFire    + + .     SeeInvis +   h - +9 triple crossbow (holy)
rCold    + + +     Gourm    .   (shield currently unavailable)
rNeg     + + +     Faith    .   x - +12 gold dragon scales
rPois    +         Spirit   +   (helmet restricted)
rElec    +         Reflect  .   P - +1 cloak of Tempters {*Corrode Str+3 Dex+6}
rCorr    .         Harm     .   V - +2 pair of gloves {archery}
MR       ++...     Clarity  +   o - +2 pair of boots {run}
Stlth    +.........             I - amulet of the Open Hand {Spirit rF- rC+ Slay+5 SInv}
Regen    0.6/turn               W - ring of Alituusk {*Contam rElec rF++ EV+6 Int-2 Slay+2}
MPRegen  0.3/turn               s - ring "Juv Koegh" {rElec rC++ Int+2}

@: glowing, quick
A: retaliatory headbutt, horns 2, see invisible, clarity
0: Orb of Zot
}: 15/15 runes: decaying, slimy, silver, golden, iron, obsidian, icy, bone,
abyssal, demonic, glowing, magical, fiery, dark, gossamer
a: Divine Shield, Cleansing Flame, Summon Divine Warrior, Renounce Religion


You escaped.
You worshipped the Shining One.
The Shining One was exalted by your worship.
You were full.

You visited 18 branches of the dungeon, and saw 90 of its levels.
You visited Pandemonium 2 times, and saw 38 of its levels.
You visited the Abyss 3 times.
You visited 1 bazaar.
You visited 2 ziggurats, and saw 38 of their levels (deepest: 20).
You also visited: Trove, Ossuary, Ice Cave and Wizlab.

You collected 20830 gold pieces.
You spent 5871 gold pieces at shops.

Inventory:

Hand Weapons
 a - a +9 triple crossbow of electrocution
 b - a +9 great mace of holy wrath
 c - the +4 arbalest "Dadit" {penet, rC++ Str+4}
   (You found it in a treasure trove)

   Ammo fired by it will pass through the targets it hits, potentially hitting
   all targets in its path until it reaches maximum range.
   It affects your strength (+4).
   It greatly protects you from cold.
 d - a +9 triple crossbow of velocity
 e - the +9 heavy crossbow "Sniper" {velocity, Acc+∞ SInv}
   (Okawaru gifted it to you on level 4 of the Swamp)

   Any bolt fired from it inflicts extra damage.
   It lets you see invisible.
 h - a +9 triple crossbow of holy wrath (weapon)
 t - the +7 great mace "Undeadhunter" {disrupt, rN+}
   (You found it on level 3 of the Crypt)

   It protects you from negative energy.
 K - the +1 whip "Uroj" {protect, rC+ rN+, unknown}
   (You took it off Antaeus on level 7 of Cocytus)

   It protects the one who uses it against injury (+AC on strike).
   It protects you from cold.
   It protects you from negative energy.
Missiles
 Z - 1053 bolts (quivered)
Armour
 o - a +2 pair of boots of running (worn)
 x - +12 gold dragon scales (worn)
 y - a +2 hat of see invisible
 B - the +2 robe of Vines {NoPotionHeal Regen+7}
   (Okawaru gifted it to you on level 4 of the Vaults)

   It increases your rate of regeneration.
 C - the +14 plate armour of Supple Strength {rElec Str+5}
   (You found it on level 2 of the Depths)

   It affects your strength (+5).
   It insulates you from electricity.
 P - the +1 cloak of Tempters (worn) {*Corrode Str+3 Dex+6}
   (Okawaru gifted it to you on level 1 of the Vaults)

   It affects your strength (+3).
   It affects your dexterity (+6).
   It may corrode you when you take damage.
 V - a +2 pair of gloves of archery (worn)
 X - +1 pearl dragon scales
Jewellery
 p - the ring of Pueterr {rElec rC+ Str+3 Dex+2}
   (You found it in Pandemonium)

   [ring of strength]

   It affects your strength (+3).
   It affects your dexterity (+2).
   It protects you from cold.
   It insulates you from electricity.
 r - the ring "Timiob" {+Blink rN+ Str+5 Int+2 Dex-5}
   (You found it on level 14 of a ziggurat)

   [ring of strength]

   It affects your strength (+5).
   It affects your intelligence (+2).
   It affects your dexterity (-5).
   It protects you from negative energy.
   It lets you blink.
 s - the ring "Juv Koegh" (right hand) {rElec rC++ Int+2}
   (You took it off a deep elf death mage on level 3 of the Elven Halls)

   [ring of intelligence]

   It affects your intelligence (+2).
   It greatly protects you from cold.
   It insulates you from electricity.
 E - the amulet of the Four Winds {rN+ MR+++ Clar}
   (You found it on level 3 of the Crypt)

   [amulet of nothing]

   It protects you from negative energy.
   It affects your resistance to hostile enchantments.
   It protects you against confusion.
 G - the ring "Earthly Heaven" {rElec Str+4 Dex+2}
   (You found it in Pandemonium)

   [ring of dexterity]

   It affects your strength (+4).
   It affects your dexterity (+2).
   It insulates you from electricity.
 H - the amulet of Qyilurch {Reflect rElec Str+5 Int+2 SH+3}
   (You found it on level 17 of a ziggurat)

   [amulet of reflection]

   It shields you and reflects attacks.
   It affects your strength (+5).
   It affects your intelligence (+2).
   It insulates you from electricity.
   It affects your SH (+3).
 I - the amulet of the Open Hand (around neck) {Spirit rF- rC+ Slay+5 SInv}
   (You found it on level 18 of a ziggurat)

   [amulet of guardian spirit]

   It causes incoming damage to be split between your health and magic.
   It affects your accuracy and damage with ranged weapons and melee attacks
   (+5).
   It makes you vulnerable to fire.
   It protects you from cold.
   It lets you see invisible.
 J - the ring of Moodiness {+Inv rC- Int+4 Slay+4}
   (You found it in a treasure trove)

   [ring of slaying]

   It affects your intelligence (+4).
   It affects your accuracy and damage with ranged weapons and melee attacks
   (+4).
   It makes you vulnerable to cold.
   It lets you turn invisible.
 T - the ring "Poajuyle" {rCorr -Tele rF+ Str+4 Stlth+}
   (You found it on level 7 of the Iron City of Dis)

   [ring of resist corrosion]

   It affects your strength (+4).
   It protects you from fire.
   It prevents most forms of teleportation.
   It makes you more stealthy.
 U - the amulet of the Illusory Nights {+Inv Regen+ Dex+2}
   (You found it in Pandemonium)

   [amulet of regeneration]

   It affects your dexterity (+2).
   It lets you turn invisible.
   It increases your rate of regeneration.
 W - the ring of Alituusk (left hand) {*Contam rElec rF++ EV+6 Int-2 Slay+2}
   (You found it on level 5 of the Vaults)

   [ring of evasion]

   It affects your evasion (+6).
   It affects your intelligence (-2).
   It affects your accuracy and damage with ranged weapons and melee attacks
   (+2).
   It greatly protects you from fire.
   It insulates you from electricity.
   It causes magical contamination when unequipped.
Wands
 Q - a wand of digging (5/24)
Scrolls
 j - 17 scrolls of fog
 l - 11 scrolls of fear
 m - 7 scrolls of magic mapping
 n - 5 scrolls of holy word
 q - 25 scrolls of teleportation
 z - 35 scrolls of remove curse
 R - 48 scrolls of identify
Potions
 f - 33 potions of curing
 u - 16 potions of agility
 v - 4 potions of haste
 A - 11 potions of resistance
 L - a potion of cancellation
 M - 8 potions of brilliance
 N - 12 potions of might
 O - 3 potions of flight
Books
 k - the Catalogue of Arcane Weapons and Execration
   (You found it on level 7 of Cocytus)

   Spells                             Type                      Level
   a - Corona                         Hexes                        1
   b - Throw Frost                    Conjuration/Ice              2
   c - Tukima's Dance                 Hexes                        3
   d - Summon Guardian Golem          Hexes/Summoning              3
   e - Bolt of Draining               Conjuration/Necromancy       5
   f - Freezing Cloud                 Conjuration/Ice/Air          6
Miscellaneous
 i - 2 boxes of beasts
 F - 3 phantom mirrors
 Y - a fan of gales
Comestibles
 g - 42 bread rations


   Skills:
 O Level 27 Fighting
   Level 1.0 Long Blades
 O Level 27 Maces & Flails
 O Level 27 Crossbows
 - Level 14.0 Throwing
 O Level 27 Armour
 O Level 27 Dodging
 - Level 26.1 Stealth
   Level 12.2 Shields
 + Level 21.9 Spellcasting
   Level 5.0 Hexes
 - Level 15.8 Charms
 * Level 14.5 Translocations
 O Level 27 Invocations
 - Level 23.3 Evocations


You had 65 spell levels left.
You knew the following spells:

 Your Spells              Type           Power        Failure   Level  Hunger
a - Swiftness             Chrm/Air       ###.....     1%          2    None
b - Blink                 Tloc           N/A          1%          2    None


Dungeon Overview and Level Annotations

Branches:
Dungeon (15/15)            Temple (1/1) D:6            Lair (6/6) D:10
  Swamp (4/4) Lair:3       Spider (4/4) Lair:2        Slime (5/5) Lair:6
    Orc (2/2) D:10            Elf (3/3) Orc:2        Vaults (5/5) D:13
  Crypt (3/3) Vaults:2       Tomb (3/3) Crypt:3      Depths (5/5) D:15
   Hell (1/1)                 Dis (7/7) Hell            Geh (7/7) Hell
    Coc (7/7) Hell            Tar (7/7) Hell            Zot (5/5) Depths:5

Altars:
Ashenzari
Cheibriados
Dithmenos
Elyvilon
Fedhas
Gozag
Hepliaklqana
Kikubaaqudgha
Makhleb
Nemelex Xobeh
Okawaru
Qazlal
Ru
Sif Muna
Trog
Uskayaw
Vehumet
Xom
Yredelemnul
Zin
The Shining One
Beogh
Jiyva

Shops:
D:4 :   D:6 [   D:7 ?   D:8 ?   D:10 [   D:13 *   Orc:2 ([%%   Elf:3 *
Vaults:3 [   Vaults:4 %:*   Depths:3 :?   Depths:5 [*?[*

Portals:
Hell: Depths:1 Depths:2 Depths:3 Depths:4 Depths:5
Abyss: Depths:1 Depths:2 Depths:4
Pandemonium: Depths:1 Depths:3

Annotations:
D:8 mcbry's ghost, novice TrHu


Innate Abilities, Weirdness & Mutations

You reflexively headbutt those who attack you in melee.
You have a pair of horns on your head.
You have supernaturally acute eyesight. (SInv)
You possess an exceptional clarity of mind.


Message History

You feel less encumbered by your armour.
You feel less in control of your magic.
You feel extremely strange.
You feel a little more calm.
You regain control of your magic.
You feel more encumbered by your armour.
You feel frail.
You feel stronger.
You feel extremely strange.
You feel robust.
You feel weaker.
You feel more energetic.
You feel resistant to poisons.
You feel extremely strange.
You feel less resistant to poisons.
You feel less energetic.
Your thoughts seem clearer.
You feel robust.
You feel extremely strange.
You feel frail.
Your thinking seems confused.
Your thoughts seem clearer.
Your vision sharpens.
Unknown command.
You are confused.
You feel invigorated.
You feel better.
You feel less invigorated.
You have escaped!

############# ###
..........#>####@#
#########.##....##
#.#######.##....##
#.......#.#.#..#.#
#.#####.#.##....##
#.#.....#.##.....#
#.#.#####.###...##
...>......###...##
###..#....##.((#.#


There were no monsters in sight!

Vanquished Creatures
  Cerebov (Pan)
  Antaeus (Coc:7)
  Asmodeus (Geh:7)
  the Royal Jelly (Slime:5)
  Ereshkigal (Tar:7)
  Gloorx Vloq (Pan)
  A seraph (Pan)
  the Serpent of Hell (Coc:7)
  Lom Lobon (Pan)
  Mnoleg (Pan)
  The ghost of Zwobot the Cloud Mage, a legendary TeFE of Vehumet (Zig:14)
  Dispater (Dis:7)
  Tiamat (Zot:1)
  5 orbs of fire
  Khufu (Crypt:1)
  The ghost of dvd the Executioner, a legendary MiFi of Cheibriados (Coc:7)
  6 ancient liches
  Mara (Crypt:3)
  The ghost of feelmyfire the Conqueror, a legendary HOBe of Trog (Pan)
  8 juggernauts
  16 pandemonium lords
  47 greater mummies
  Sojobo (Vaults:3)
  The ghost of Trampli the Heavyweight Champion, a legendary TrBe of Trog (Zot:5)
  20 shard shrikes
  Bai Suzhen (Swamp:4)
  Boris (Crypt:1)
  Geryon (Hell)
  the Lernaean hydra (Swamp:4)
  Frederick (Depths:5)
  10 Killer Klowns
  Saint Roka (Elf:3)
  Nikola (Elf:3)
  8 caustic shrikes
  18 golden dragons
  2 curse toes
  Arachne (Spider:2)
  25 Brimstone Fiends
  4 pearl dragons
  7 bone dragons
  3 doom hounds
  4 electric golems
  36 Tzitzimimeh
  15 iron giants
  3 hellephants
  The ghost of Quirk the Spry, an adept DsFi of Okawaru (Vaults:1)
  Jorgrun (Crypt:1)
  24 Hell Sentinels
  42 tentacled monstrosities
  21 Ice Fiends
  Asterion (Spider:3)
  18 liches
  26 Orb Guardians
  10 deep elf blademasters
  8 quicksilver dragons
  4 tentacled starspawn
  8 deep elf master archers
  12 sphinxes
  20 titans
  Gastronok (Orc:1)
  30 acid blobs
  48 Executioners
  29 ancient champions
  A shadow dragon (shapeshifter) (Depths:4)
  25 storm dragons
  A thorn hunter (Swamp:2)
  13 death cobs
  Kirke (Lair:5)
  A kraken (Abyss:4)
  Agnes (D:15)
  21 azure jellies
  Roxanne (Spider:2)
  26 daevas
  12 tengu reavers
  6 revenants
  Donald (Vaults:3)
  14 shadow dragons
  2 nagarajas (Zig:11)
  13 draconian monks
  29 fire giants
  44 frost giants
  Louise (Swamp:3)
  9 deep elf sorcerers
  18 iron dragons
  20 vault wardens
  8 orc warlords
  2 caustic shrike zombies
  7 draconian scorchers
  45 balrugs
  Aizul (Swamp:4)
  8 ghost moths
  5 emperor scorpions
  7 draconian knights
  3 curse skulls
  48 cacodemons
  22 ghouls
  11 draconian stormcallers
  14 ironheart preservers
  13 warmongers (Pan)
  2 juggernaut zombies
  10 deep elf elementalists
  28 angels
  3 elemental wellsprings (Coc:7)
  14 draconian shifters
  A juggernaut skeleton (Zig:15)
  17 draconian annihilators
  18 war gargoyles
  A caustic shrike skeleton (Zig:12)
  2 spriggan defenders
  27 very ugly things
  16 blood saints (Pan)
  113 reapers
  35 stone giants
  Nessos (D:13)
  24 apis
  17 black suns (Pan)
  6 deep elf annihilators
  19 purple draconians
  19 green draconians
  19 vampire knights
  A stone giant (shapeshifter) (Zig:6)
  21 ophanim
  7 deep elf demonologists
  12 corrupters (Pan)
  11 bennus
  17 lorocyprocas
  Azrael (D:15)
  9 entropy weavers
  18 black draconians
  16 yellow draconians
  22 red draconians
  9 dire elephants
  8 spark wasps
  25 white draconians
  2 merfolk javelineers (Zig:18)
  19 green deaths
  65 blizzard demons
  12 death oozes
  9 statues (WizLab)
  17 deep elf death magi
  A crystal guardian (Vaults:5)
  9 eidola
  24 ettins
  Josephine (D:13)
  18 jiangshi
  24 yaktaur captains
  3 merfolk impalers (Zig:18)
  11 quicksilver dragon zombies
  24 fire dragons
  37 mummy priests
  Harold (D:13)
  3 deep elf high priests
  14 great orbs of eyes
  Erolcha (Orc:1)
  40 ice dragons
  4 spriggan air magi
  5 quicksilver dragon skeletons
  2 juggernaut simulacra (Pan)
  8 ghost crabs
  17 rakshasas
  An alligator snapping turtle (shapeshifter) (Zig:7)
  18 monstrous demonspawn (Pan)
  33 hydras
  A naga warrior (Zig:2)
  37 vault guards
  A catoblepas (D:13)
  5 hell beasts
  A merfolk avatar (Zig:18)
  An anaconda (Lair:6)
  45 two-headed ogres
  5 death knights
  22 ogre magi
  2 anacondas (shapeshifter)
  13 centaur warriors
  16 deep troll shamans
  6 merfolk aquamancers (Zig:18)
  6 tengu warriors
  32 dancing weapons
  7 alligators
  94 death scarabs
  A satyr (shapeshifter) (Zig:7)
  6 spriggan berserkers
  8 death yaks
  20 hell hogs
  14 deep troll earth magi
  24 vampire magi
  13 storm dragon zombies
  77 sun demons
  15 orc high priests
  11 titan skeletons
  16 spriggans
  15 thrashing horrors
  8 titan zombies
  33 deep elf knights
  Urug (D:10)
  15 iron golems
  63 soul eaters
  7 golden dragon zombies
  An iron troll (shapeshifter) (Lair:2)
  12 iron trolls
  A fire crab (shapeshifter) (Vaults:3)
  51 sixfirhies
  138 skeletal warriors
  6 wretched stars
  3 fire crabs
  3 spatial maelstroms
  17 shadow wraiths
  5 unseen horrors
  A death drake (shapeshifter) (Vaults:5)
  46 hell knights
  11 small abominations
  3 spark wasp zombies
  12 swamp dragons
  2 glowing orange brains (shapeshifter)
  5 starcursed masses (Abyss:2)
  16 cherubim
  2 death drakes (Tar:7)
  8 infernal demonspawn (Pan)
  27 shadow demons
  7 sea snakes (Zig:18)
  9 storm dragon skeletons
  17 torturous demonspawn (Pan)
  4 ghost moth zombies
  16 flayed ghosts
  12 anaconda zombies
  11 gelid demonspawn (Pan)
  5 spriggan druids
  A swamp dragon (shapeshifter) (Vaults:2)
  7 anaconda skeletons
  4 tengu zombies
  6 shambling mangroves
  35 deep trolls
  8 glowing orange brains
  14 deep elf archers
  28 orc knights
  8 shadow dragon zombies
  14 ironbrand convokers
  22 orb spiders
  11 wizards
  12 harpies
  A lindwurm (Lair:5)
  33 phantasmal warriors
  19 necromancers
  A sphinx zombie (Zig:9)
  16 iron dragon zombies
  6 golden dragon skeletons
  17 orc sorcerers
  7 fire giant zombies
  96 deep elf magi
  2 shining eyes (shapeshifter) (Depths:4)
  12 cyclopes
  6 frost giant zombies
  61 ugly things
  15 shining eyes
  4 tengu skeletons
  8 manticores
  2 salamanders (shapeshifter)
  94 rust devils
  31 moths of wrath
  8 oklob plants
  11 shadow dragon skeletons
  7 stone giant skeletons
  11 stone giant zombies
  4 iron dragon skeletons
  2 salamanders
  44 wolf spiders
  A sphinx skeleton (Zig:15)
  7 wolf spider zombies
  A worldbinder (Zig:8)
  2 guardian serpents
  8 fire giant skeletons
  13 dire elephant zombies
  7 frost giant skeletons
  7 black mambas
  5 shock serpent zombies
  2 merfolk sirens (Zig:18)
  3 centaur zombies
  2 naga magi (Zig:11)
  12 human skeletons
  10 ice statues
  5 eyes of devastation
  16 elephants
  18 vault sentinels
  2 torpor snails
  73 smoke demons
  A titan simulacrum (Coc:7)
  5 apocalypse crabs
  57 orange demons
  A storm dragon simulacrum (Vaults:4)
  9 molten gargoyles
  6 spriggan zombies
  A green draconian zombie (Crypt:2)
  3 gargoyles
  50 spiny frogs
  5 water nymphs (Zig:18)
  2 emperor scorpion zombies
  5 shock serpent skeletons
  A spriggan skeleton (Zig:16)
  70 yaktaurs
  7 rime drakes
  5 dire elephant skeletons
  A komodo dragon (shapeshifter) (Vaults:5)
  2 kobold demonologists
  A sea snake zombie (Crypt:2)
  66 hellions
  10 komodo dragons
  17 efreet
  A catoblepas zombie (Dis:7)
  40 demonic crawlers
  A yaktaur (shapeshifter) (Vaults:4)
  49 freezing wraiths
  A rime drake (shapeshifter) (Vaults:2)
  21 hydra zombies
  A minotaur zombie (Dis:7)
  60 ice devils
  2 anaconda simulacra
  A catoblepas skeleton (Tar:2)
  A golden dragon simulacrum (Tar:3)
  35 hellwings
  7 ancient zymes
  70 tormentors
  22 merfolk (Zig:18)
  A white draconian zombie (Crypt:2)
  A queen ant zombie (Crypt:1)
  76 guardian mummies
  64 red devils
  2 tengu conjurers (Depths:5)
  5 silent spectres
  45 jumping spiders
  13 polar bears
  3 queen bees
  13 trolls
  4 yaktaur skeletons
  A jumping spider (shapeshifter) (D:15)
  8 tyrant leeches
  An iron troll skeleton (Crypt:1)
  36 hornets
  8 harpy zombies
  A queen bee (shapeshifter) (Vaults:1)
  3 meliai (Spider:1)
  A hornet (shapeshifter) (Vaults:3)
  A moth of wrath zombie (Crypt:2)
  11 hippogriffs
  169 slime creatures
  15 raiju
  16 wind drakes
  Grinder (D:3)
  A wind drake (shapeshifter) (Vaults:4)
  10 alligator zombies
  38 blink frogs
  A satyr zombie (Crypt:2)
  2 fire dragon zombies
  2 harpy skeletons
  2 snapping turtles (shapeshifter)
  17 bog bodies
  A jumping spider zombie (Crypt:1)
  12 ettin zombies
  14 dream sheep (Lair:6)
  4 ice dragon zombies
  4 snapping turtles (Zig:18)
  4 hydra skeletons
  A death drake skeleton (Crypt:1)
  3 human simulacra (Vaults:1)
  147 flying skulls
  101 redbacks
  2 fire dragon skeletons (Tomb:1)
  2 deep troll zombies (Hell)
  2 fire giant simulacra
  2 black mamba zombies
  6 ice dragon skeletons
  63 shadows
  10 ettin skeletons
  23 ushabtiu
  8 air elementals
  An alligator skeleton (Coc:7)
  26 water elementals
  A human (D:13)
  A wyvern (Zig:12)
  2 yaks (shapeshifter)
  65 ynoxinuls
  40 tarantellas
  5 black mamba skeletons
  31 fire elementals
  A hog (Lair:5)
  2 spriggans (shapeshifter)
  2 hogs (shapeshifter) (Vaults:1)
  14 vampire mosquitoes
  13 golden eyes
  46 wraiths
  53 yaks
  9 hungry ghosts
  4 fire bats (Abyss:2)
  A steam dragon (Lair:6)
  8 basilisks
  A spatial vortex (Dis:7)
  32 neqoxecs
  24 chaos spawn
  68 large abominations
  19 swamp worms
  18 wargs
  2 merfolk zombies
  A two-headed ogre zombie (Crypt:2)
  26 insubstantial wisps
  Edmund (D:5)
  A hydra simulacrum (Abyss:2)
  2 merfolk skeletons
  3 acid dragons
  2 floating eyes (shapeshifter)
  93 hell hounds
  21 water moccasins
  8 porcupines
  Duvessa (D:7)
  10 floating eyes
  8 spiny frog zombies
  2 swamp dragon zombies
  14 swamp drakes
  4 sky beasts
  18 eyes of draining
  19 ice beasts
  2 manticore zombies
  81 orc warriors
  2 black bears (shapeshifter)
  3 spiny frog skeletons
  4 human zombies
  13 black bears
  7 elf zombies
  61 ogres
  9 phantoms
  2 swamp dragon skeletons
  30 centaurs
  9 snapping turtle zombies
  A fire dragon simulacrum (Coc:6)
  18 boggarts
  20 necrophages
  3 snapping turtle skeletons
  An eye of draining (shapeshifter) (Elf:3)
  19 wolves
  5 elf skeletons
  A hog zombie (Crypt:3)
  18 crocodiles
  3 big kobolds
  A fire crab zombie (Crypt:3)
  17 bullfrogs
  A wyvern zombie (D:10)
  2 earth elementals (Elf:1)
  A water moccasin zombie (Crypt:2)
  A wyvern skeleton (D:11)
  3 scorpions
  Dowan (D:7)
  2 elf simulacra
  A water moccasin skeleton (Crypt:1)
  48 killer bees
  68 wights
  A howler monkey (D:10)
  A polar bear skeleton (Crypt:1)
  4 electric eels
  20 crimson imps
  4 quasits
  44 iron imps
  14 jellies
  28 orc wizards
  3 centaur skeletons
  Crazy Yiuf (D:3)
  6 hounds
  38 orc priests
  Ijyb (D:3)
  A bullfrog skeleton (D:7)
  Jessica (D:3)
  Terence (D:2)
  A hell rat (Zig:13)
  6 iguanas
  5 worker ants
  A lightning spire (Zig:15)
  2 naga zombies
  A big kobold zombie (Ossuary)
  A hound skeleton (D:7)
  A hound zombie (D:7)
  106 mummies
  A worker ant zombie (D:6)
  2 howler monkey skeletons
  3 gnolls (D:3)
  13 adders
  11 shadow imps
  25 white imps
  5 ufetubi
  An ooze (D:2)
  2 adder zombies
  3 worms
  13 ball lightnings (Pan)
  3 dart slugs
  2 leopard geckos
  145 orcs
  2 ball pythons
  5 bats
  2 giant cockroaches (D:1)
  2 gnoll zombies (Ossuary)
  13 hobgoblins
  15 jackals
  3 quokkas
  5 frilled lizards
  5 goblins
  A goblin skeleton (Crypt:3)
  18 kobolds
  A kobold skeleton (Crypt:3)
  3 kobold zombies
  3 orc zombies (Ossuary)
  A quokka zombie (D:5)
  8 rats
  A spectral orc (D:9)
  A block of ice (Pan)
  6 crawling corpses
  2 fire vortices (Geh:7)
  8 fungi
  5 plants
  A starspawn tentacle (Abyss:4)
7419 creatures vanquished.

Vanquished Creatures (collateral kills)
  A tentacled monstrosity (Pan)
  2 daevas (Zig:14)
  3 ophanim (Zig:14)
  3 apis (Zig:14)
  4 cherubim (Zig:14)
  A wizard (Pan)
  A wind drake (Pan)
  A wight (Geh:7)
16 creatures vanquished.

Vanquished Creatures (others)
  An ancient lich (Depths:3)
  A titan (Pan)
  An ancient champion (Tomb:2)
  3 eldritch tentacles
  A fire giant (Depths:5)
  A cacodemon (Pan)
  An elemental wellspring (Coc:7)
  A deep elf elementalist (Elf:3)
  A bennu (Tomb:3)
  2 spriggan defenders (Depths:5)
  A lorocyproca (Pan)
  A merfolk impaler (Depths:5)
  2 green deaths (Pan)
  2 quicksilver dragon zombies
  A great orb of eyes (Depths:3)
  A spriggan air mage (Pan)
  A rakshasa (Pan)
  2 hydras (Zig:13)
  A two-headed ogre (D:10)
  15 death scarabs
  A tengu warrior (Depths:5)
  A spriggan berserker (Depths:5)
  A soul eater (Pan)
  2 spriggans
  A deep troll (Depths:4)
  An anaconda zombie (Tomb:1)
  2 glowing orange brains (Pan)
  An anaconda skeleton (Tomb:3)
  A necromancer (Zig:11)
  A harpy (Zig:18)
  A deep elf mage (WizLab)
  A moth of wrath (Zot:5)
  A black mamba (shapeshifter) (Vaults:5)
  2 smoke demons (Pan)
  A guardian mummy (Tomb:2)
  A yaktaur (Depths:4)
  A troll (D:10)
  2 wind drakes (Pan)
  A tyrant leech (Zig:13)
  2 hornets
  5 slime creatures
  6 flying skulls
  A ynoxinul (Pan)
  A water elemental (Depths:5)
  An ettin skeleton (Dis:1)
  A human (Lair:6)
  A large abomination (Abyss:4)
  A spiny frog zombie (Dis:1)
  A hell hound (Lair:6)
  An orc warrior (D:10)
  An ogre (D:10)
  A centaur (D:10)
  2 small abominations (Zig:8)
  A scorpion (D:10)
  A killer bee (D:10)
  A troll skeleton (Dis:1)
  A howler monkey (D:10)
  3 wights (Geh:7)
  A jelly (D:14)
  An orc wizard (D:10)
  An iron imp (Dis:6)
  A worker ant (D:10)
  27 ball lightnings (Pan)
  An orc (D:10)
  3 blocks of ice (Pan)
  14 fungi
  52 plants
  7 starspawn tentacles
  10 tentacles (Abyss:4)
  16 toadstools (Lair:3)
  31 withered plants (Crypt:1)
260 creatures vanquished.

Grand Total: 7695 creatures vanquished

Notes
Turn   | Place    | Note
-------+----------+-------------------------------------------
     0 | D:1      | CrazyArbalest the Minotaur Hunter began the quest for the Orb.
     0 | D:1      | Reached XP level 1. HP: 18/18 MP: 0/0
   569 | D:1      | Reached XP level 2. HP: 24/25 MP: 1/1
   679 | D:1      | Reached skill level 1 in Armour
   685 | D:1      | Reached skill level 5 in Crossbows
  1026 | D:2      | Found an iron altar of Okawaru.
  1029 | D:2      | Noticed Terence
  1038 | D:2      | Killed Terence
  1038 | D:2      | Reached XP level 3. HP: 30/30 MP: 2/2
  1072 | D:2      | Became a worshipper of Warmaster Okawaru
  1188 | D:2      | Found a deep blue altar of Sif Muna.
  1202 | D:2      | Reached skill level 1 in Maces & Flails
  1363 | D:2      | Reached XP level 4. HP: 35/37 MP: 3/3
  1504 | D:2      | Found a glowing silver altar of Zin.
  1814 | D:3      | Noticed Grinder
  1816 | D:3      | Noticed Jessica
  2194 | D:3      | Reached XP level 5. HP: 34/44 MP: 4/4
  2374 | D:3      | Killed Grinder
  2374 | D:3      | Reached * piety under Okawaru
  2374 | D:3      | Reached XP level 6. HP: 42/52 MP: 3/5
  2437 | D:3      | Killed Jessica
  2582 | D:3      | Noticed Ijyb
  2589 | D:3      | Killed Ijyb
  2699 | D:3      | Found a runed door.
  2892 | D:4      | Found Ziahyur's Book Shoppe.
  3086 | D:4      | Found a burning altar of Makhleb.
  3152 | D:4      | Noticed a moth of wrath
  3155 | D:4      | Found a bloodstained altar of Trog.
  3525 | D:5      | Entered Level 5 of the Dungeon
  3533 | D:5      | Reached XP level 7. HP: 53/59 MP: 4/6
  3794 | D:5      | Noticed Edmund
  3817 | D:5      | Killed Edmund
  3960 | D:5      | Found a white marble altar of Elyvilon.
  4281 | D:5      | Found a sparkling altar of Nemelex Xobeh.
  4632 | D:6      | Found a staircase to the Ecumenical Temple.
  4696 | D:6      | Reached ** piety under Okawaru
  4725 | D:6      | Reached skill level 5 in Fighting
  4728 | D:6      | Reached XP level 8. HP: 68/68 MP: 7/7
  4767 | D:6      | Found a hazy altar of Hepliaklqana.
  4823 | D:6      | Found Lyjebb's Armour Boutique.
  5155 | D:7      | Noticed a hippogriff
  5164 | D:7      | Killed a hippogriff
  5164 | D:7      | Reached skill level 5 in Armour
  5192 | D:7      | Found Efa Imm's Magic Scroll Shoppe.
  5195 | D:7      | Bought a scroll of identify for 30 gold pieces
  5195 | D:7      | Bought a scroll of fear for 52 gold pieces
  5195 | D:7      | Bought a scroll of teleportation for 45 gold pieces
  5195 | D:7      | Bought a scroll of identify for 30 gold pieces
  5235 | D:7      | Noticed Dowan
  5238 | D:7      | Noticed Duvessa
  5241 | D:7      | Killed Dowan
  5253 | D:7      | Killed Duvessa
  5272 | D:7      | Found a sand-covered staircase.
  5286 | Ossuary  | Entered an ossuary
  5380 | Ossuary  | Reached skill level 5 in Maces & Flails
  5763 | D:7      | Reached XP level 9. HP: 75/75 MP: 8/8
  6029 | D:7      | Reached *** piety under Okawaru
  6193 | D:8      | Reached skill level 10 in Crossbows
  6215 | D:8      | Found a snail-covered altar of Cheibriados.
  6413 | D:8      | Noticed a manticore
  6424 | D:8      | Killed a manticore
  6424 | D:8      | Reached skill level 1 in Stealth
  6451 | D:8      | Received a gift from Okawaru
  6471 | D:8      | Noticed mcbry's ghost (novice TrHu)
  6728 | D:8      | Found Aconi's Magic Scroll Shoppe.
  6731 | D:8      | Bought a scroll of fear for 42 gold pieces
  6731 | D:8      | Bought a scroll of identify for 24 gold pieces
  6731 | D:8      | Bought a scroll of noise for 12 gold pieces
  6731 | D:8      | Bought a scroll of teleportation for 36 gold pieces
  7327 | D:3      | Noticed Crazy Yiuf
  7330 | D:3      | Killed Crazy Yiuf
  7626 | D:8      | Received a gift from Okawaru
  7749 | D:9      | Noticed a troll
  7753 | D:9      | Noticed a queen bee
  8017 | D:9      | Reached XP level 10. HP: 39/84 MP: 9/9
  8250 | D:9      | Reached **** piety under Okawaru
  8250 | D:9      | Received a gift from Okawaru
  8810 | D:9      | Found a basalt altar of Yredelemnul.
  8890 | Temple   | Entered the Ecumenical Temple
  9128 | D:10     | Entered Level 10 of the Dungeon
  9135 | D:10     | Found a staircase to the Lair.
  9143 | D:10     | Killed a two-headed ogre
  9148 | D:10     | Found a staircase to the Orcish Mines.
  9268 | D:10     | Found Hywid's Antique Armour Boutique.
  9283 | D:10     | Noticed a tengu warrior
  9284 | D:10     | Noticed a tengu warrior
  9341 | D:10     | Noticed Urug
  9688 | D:10     | Noticed a gargoyle
  9812 | D:9      | Noticed a gargoyle
  9816 | D:9      | Killed a gargoyle
  9916 | D:10     | Noticed a gargoyle
  9919 | D:10     | Received a gift from Okawaru
  9924 | D:10     | Killed a gargoyle
  9953 | D:10     | Noticed a five-headed hydra
 10166 | D:10     | Received a gift from Okawaru
 10394 | D:10     | Received a gift from Okawaru
 10394 | D:10     | Reached XP level 11. HP: 69/94 MP: 10/10
 10452 | D:10     | Killed a five-headed hydra
 10452 | D:10     | Reached ***** piety under Okawaru
 10452 | D:10     | Reached skill level 5 in Dodging
 10485 | D:10     | Found a shimmering altar of Xom.
 10715 | D:10     | Killed a tengu warrior
 10766 | D:10     | Killed a tengu warrior
 10766 | D:10     | Reached skill level 1 in Invocations
 10839 | D:10     | Killed Urug
 10839 | D:10     | Received a gift from Okawaru
 10924 | Orc:1    | Entered Level 1 of the Orcish Mines
 10924 | Orc:1    | Noticed Gastronok
 10933 | Orc:1    | Killed Gastronok
 10933 | Orc:1    | Received a gift from Okawaru
 11064 | Orc:1    | Found a frozen archway.
 11299 | IceCv    | Entered an ice cave
 11355 | IceCv    | Reached skill level 15 in Crossbows
 11809 | IceCv    | Received a gift from Okawaru
 11888 | IceCv    | Noticed an ice dragon
 12196 | IceCv    | Noticed an ice dragon
 12248 | IceCv    | HP: 2/97 [ice dragon/blast of cold (25)]
 12607 | IceCv    | Killed an ice dragon
 12607 | IceCv    | Received a gift from Okawaru
 12607 | IceCv    | Reached XP level 12. HP: 61/104 MP: 8/12
 12786 | IceCv    | Killed an ice dragon
 12963 | Orc:1    | Noticed Erolcha
 13135 | Orc:1    | Killed Erolcha
 13342 | Orc:1    | Noticed an orc high priest
 13834 | Orc:1    | Killed an orc high priest
 14156 | Orc:2    | Entered Level 2 of the Orcish Mines
 14259 | Orc:2    | Noticed a two-headed ogre
 14262 | Orc:2    | Killed a two-headed ogre
 14262 | Orc:2    | Reached skill level 10 in Fighting
 14446 | Orc:2    | Noticed a two-headed ogre
 14450 | Orc:2    | Killed a two-headed ogre
 15172 | Orc:2    | Found a staircase to the Elven Halls.
 15246 | Orc:2    | Found a roughly hewn altar of Beogh.
 15247 | Orc:2    | Noticed an orc warlord
 15444 | Orc:2    | Received a gift from Okawaru
 15444 | Orc:2    | Reached XP level 13. HP: 112/114 MP: 11/13
 15461 | Orc:2    | Got a spiked ring mail {god gift}
 15581 | Orc:2    | Noticed an orc warlord
 15592 | Orc:2    | Killed an orc warlord
 15935 | Orc:2    | Killed an orc warlord
 16002 | Orc:2    | Paralysed by an orc sorcerer for 7 turns
 16219 | Orc:2    | Found Cuttot's Antique Armour Boutique.
 16286 | Orc:2    | Found Fitil's Antique Weapon Shop.
 16568 | Orc:2    | Found a roughly hewn altar of Beogh.
 16582 | Orc:2    | Found Wuud's Food Boutique.
 16678 | Orc:2    | Received a gift from Okawaru
 16699 | Orc:2    | Got a pair of jewelled gloves {god gift}
 16705 | Orc:2    | Identified the -3 pair of gloves "Orroth" {*Drain +Fly Str+2} (Okawaru gifted it to you on level 2 of the Orcish Mines)
 16822 | Orc:2    | Found Osoxziqe's Food Shop.
 17141 | Orc:1    | Identified the +6 ring mail of the Thirsty People {Dex+4} (Okawaru gifted it to you on level 2 of the Orcish Mines)
 17401 | Lair:1   | Entered Level 1 of the Lair of Beasts
 18094 | Lair:1   | Identified a scroll of acquirement
 18171 | Lair:2   | Found a burning altar of Makhleb.
 18379 | Lair:2   | Identified the Guide on Black Rites
 18703 | Lair:2   | Found a hole to the Spider Nest.
 18714 | Lair:2   | Reached XP level 14. HP: 126/126 MP: 15/15
 19093 | Lair:3   | Got a jewelled scale mail
 19104 | Lair:3   | Identified the cursed +1 scale mail of the Lair of Beasts {Regen+ Slay+2 SInv Stlth+} (You found it on level 3 of the Lair of Beasts)
 19250 | Lair:3   | Found a blossoming altar of Fedhas.
 19444 | Lair:3   | Found a staircase to the Swamp.
 20684 | Lair:4   | Reached skill level 10 in Armour
 20946 | Lair:4   | Received a gift from Okawaru
 21031 | Lair:4   | Reached ****** piety under Okawaru
 21922 | Lair:5   | Received a gift from Okawaru
 21960 | Lair:5   | Reached skill level 1 in Evocations
 22117 | Lair:5   | Got a translucent plate armour
 22309 | Lair:5   | Noticed Kirke
 22346 | Lair:5   | Killed Kirke
 22665 | Lair:6   | Entered Level 6 of the Lair of Beasts
 22975 | Lair:6   | Received a gift from Okawaru
 23213 | Lair:6   | Found a staircase to the Slime Pits.
 23325 | Lair:6   | Reached XP level 15. HP: 136/136 MP: 16/16
 23593 | Lair:6   | Received a gift from Okawaru
 24253 | Lair:6   | Received a gift from Okawaru
 24707 | Lair:6   | Identified the cursed +0 plate armour of the Townfolk {rF+ Str+2} (You found it on level 5 of the Lair of Beasts)
 25197 | Lair:6   | Received a gift from Okawaru
 26813 | D:12     | Found a portal to a secret trove of treasure.
 26994 | D:12     | Received a gift from Okawaru
 26997 | D:12     | Got a translucent arbalest {god gift}
 26998 | D:12     | Identified the +5 arbalest "Bafal" {penet, rC- rN+ Str+4} (Okawaru gifted it to you on level 12 of the Dungeon)
 27124 | D:12     | Found a stormy altar of Qazlal.
 27242 | D:13     | Noticed Harold
 27262 | D:13     | Killed Harold
 27296 | D:13     | Noticed Josephine
 27311 | D:13     | Killed Josephine
 27493 | D:13     | Noticed Nessos
 27510 | D:13     | Killed Nessos
 27743 | D:13     | Reached XP level 16. HP: 104/147 MP: 13/17
 27852 | D:13     | Received a gift from Okawaru
 27876 | D:13     | Found a gate to the Vaults.
 28181 | D:13     | Found Ograst's Assorted Antiques.
 28184 | D:13     | Bought a fizzy ruby potion for 28 gold pieces
 28184 | D:13     | Bought a grey potion for 28 gold pieces
 28184 | D:13     | Bought a scroll of teleportation for 96 gold pieces
 29657 | D:15     | Entered Level 15 of the Dungeon
 29957 | D:15     | Received a gift from Okawaru
 30114 | D:15     | Noticed Agnes
 30118 | D:15     | Killed Agnes
 30299 | D:15     | Noticed Azrael
 30307 | D:15     | Killed Azrael
 30307 | D:15     | Received a gift from Okawaru
 30370 | D:15     | Found a staircase to the Depths.
 31468 | Elf:1    | Entered Level 1 of the Elven Halls
 32220 | Elf:1    | Reached skill level 15 in Fighting
 32627 | Elf:1    | Got a clouded golden ring
 32649 | Elf:1    | Identified the ring of Hepliaklqana's Scorn {Int+4 SInv} (You found it on level 1 of the Elven Halls)
 32802 | Elf:2    | Received a gift from Okawaru
 32858 | Elf:2    | Got an ichor-stained hat {god gift}
 32869 | Elf:2    | Identified the +1 hat of Toxiups {*Drain rC+ MR+} (Okawaru gifted it to you on level 2 of the Elven Halls)
 32974 | Elf:2    | Reached XP level 17. HP: 111/156 MP: 14/18
 33133 | Elf:2    | Found a huge runed gate.
 33133 | Elf:2    | Found a huge runed gate.
 33135 | Elf:2    | Found a huge runed gate.
 33137 | Elf:2    | Found a huge runed gate.
 33142 | Elf:2    | Found a huge runed gate.
 33826 | Elf:2    | Received a gift from Okawaru
 33849 | Elf:2    | Received a gift from Okawaru
 34695 | Swamp:1  | Entered Level 1 of the Swamp
 34932 | Swamp:1  | Received a gift from Okawaru
 34949 | Swamp:1  | Identified a +2 pair of boots of running (Okawaru gifted it to you on level 1 of the Swamp)
 35622 | Swamp:2  | Noticed a tentacled monstrosity
 35633 | Swamp:2  | Killed a tentacled monstrosity
 36622 | Swamp:3  | Noticed Louise
 36767 | Swamp:3  | Killed Louise
 36841 | Swamp:3  | Received a gift from Okawaru
 36935 | Swamp:3  | Reached XP level 18. HP: 168/168 MP: 19/19
 37574 | Swamp:2  | Received a gift from Okawaru
 37867 | Swamp:4  | Entered Level 4 of the Swamp
 38082 | Swamp:4  | Got an ancient flail
 38096 | Swamp:4  | Identified the +3 flail "Aczacusm" {protect, rElec rPois Stlth+} (You found it on level 4 of the Swamp)
 38323 | Swamp:4  | Noticed Aizul
 38331 | Swamp:4  | Killed Aizul
 38420 | Swamp:4  | Received a gift from Okawaru
 38515 | Swamp:4  | Noticed the 27-headed Lernaean hydra
 38697 | Swamp:4  | Killed the 27-headed Lernaean hydra
 38710 | Swamp:4  | Noticed Bai Suzhen
 38726 | Swamp:4  | Killed Bai Suzhen
 38849 | Swamp:4  | Received a gift from Okawaru
 38865 | Swamp:4  | Got a decaying rune of Zot
 39522 | Spider:1 | Entered Level 1 of the Spider Nest
 39542 | Spider:1 | Received a gift from Okawaru
 39683 | Spider:1 | Received a gift from Okawaru
 39872 | Spider:1 | Received a gift from Okawaru
 41014 | Spider:2 | Noticed Arachne
 41022 | Spider:2 | Killed Arachne
 41108 | Spider:2 | Noticed Roxanne
 41362 | Spider:2 | Reached XP level 19. HP: 177/177 MP: 20/20
 41797 | Spider:2 | Received a gift from Okawaru
 41807 | Spider:2 | Got a creamy pearl robe {god gift}
 41869 | Spider:2 | Identified the +1 robe "Zasovvim" {MR+ Str+2 Dex+4 SInv} (Okawaru gifted it to you on level 2 of the Spider Nest)
 42039 | Spider:2 | Killed Roxanne
 42048 | Spider:2 | Identified Roxanne's Guide on Transmigration (You took it off Roxanne on level 2 of the Spider Nest)
 42131 | Spider:3 | Noticed Asterion
 42464 | Spider:3 | Killed Asterion
 43247 | Spider:4 | Entered Level 4 of the Spider Nest
 43833 | Spider:4 | Received a gift from Okawaru
 44464 | Spider:4 | Got a gossamer rune of Zot
 45037 | Elf:3    | Entered Level 3 of the Elven Halls
 45147 | Elf:3    | Noticed Nikola
 45158 | Elf:3    | Killed Nikola
 45392 | Elf:3    | Noticed Saint Roka
 45396 | Elf:3    | Reached skill level 27 in Crossbows
 45426 | Elf:3    | Killed Saint Roka
 45522 | Elf:3    | Found Seepp's Superlative Supplies.
 45535 | Elf:3    | Bought cursed -2 shadow dragon scales for 1035 gold pieces
 46508 | Elf:3    | Reached XP level 20. HP: 159/191 MP: 17/21
 46775 | Elf:3    | Received a gift from Okawaru
 46787 | Elf:3    | Reached skill level 10 in Dodging
 47066 | Elf:3    | Reached skill level 15 in Armour
 47215 | Elf:3    | Received a gift from Okawaru
 47337 | Elf:3    | Got a faintly glowing golden ring
 47447 | Elf:3    | Identified Pamaihat's Compendium of Supportive Flight
 47592 | Elf:3    | Identified the ring "Juv Koegh" {rElec rC++ Int+2} (You took it off a deep elf death mage on level 3 of the Elven Halls)
 48734 | Elf:3    | Found Seepp's Superlative Supplies.
 49717 | Vaults:1 | Entered Level 1 of the Vaults
 49745 | Vaults:1 | Received a gift from Okawaru
 50099 | Vaults:1 | Noticed Quirk's ghost (adept DsFi)
 50116 | Vaults:1 | Killed Quirk's ghost
 50154 | Vaults:1 | Received a gift from Okawaru
 50400 | Vaults:1 | Received a gift from Okawaru
 50651 | Vaults:1 | Reached XP level 21. HP: 202/202 MP: 22/22
 50755 | Vaults:1 | Received a gift from Okawaru
 51056 | Vaults:1 | Received a gift from Okawaru
 51067 | Vaults:1 | Got a slimy cloak {god gift}
 51508 | Vaults:1 | Identified the +1 cloak of Tempters {*Corrode Str+3 Dex+6} (Okawaru gifted it to you on level 1 of the Vaults)
 51834 | Vaults:2 | Found a staircase to the Crypt.
 52700 | Vaults:2 | Received a gift from Okawaru
 52709 | Vaults:2 | Got a steaming plate armour {god gift}
 53521 | Lair:2   | Identified the +7 plate armour "Ballefip" {rC+ MR+} (Okawaru gifted it to you on level 2 of the Vaults)
 54007 | Vaults:3 | Found Asausami's Antique Armour Boutique.
 54015 | Vaults:3 | Bought a pair of runed boots for 210 gold pieces
 54026 | Vaults:3 | Identified a +0 pair of boots of running (You bought it in a shop on level 3 of the Vaults)
 54334 | Vaults:3 | Noticed Donald
 54348 | Vaults:3 | Killed Donald
 54373 | Vaults:3 | Noticed Sojobo
 54386 | Vaults:3 | Killed Sojobo
 54682 | Vaults:3 | Reached XP level 22. HP: 206/217 MP: 21/23
 54685 | Vaults:3 | Received a gift from Okawaru
 56028 | Vaults:4 | Reached skill level 5 in Stealth
 56035 | Vaults:4 | Found Coekav's General Store.
 56045 | Vaults:4 | Bought a potion of haste for 210 gold pieces
 56399 | Vaults:4 | Found Cocw's Book Shoppe.
 56407 | Vaults:4 | Found Pyeclew's Food Boutique.
 56709 | Vaults:4 | Received a gift from Okawaru
 58455 | Vaults:5 | Entered Level 5 of the Vaults
 58527 | Vaults:4 | Received a gift from Okawaru
 58907 | Vaults:5 | Reached XP level 23. HP: 175/232 MP: 16/25
 59169 | Vaults:5 | Cast into level 2 of the Abyss (a deep elf demonologist)
 59169 | Abyss:2  | Found a corrupted altar of Lugonu.
 59498 | Abyss:2  | Paralysed by accursed screaming for 1 turns
 59725 | Abyss:2  | Found a corrupted altar of Lugonu.
 59781 | Abyss:2  | Found a sparkling altar of Nemelex Xobeh.
 60169 | Vaults:5 | Escaped the Abyss
 60246 | Vaults:4 | Got an ominously black robe
 60390 | Vaults:4 | Received a gift from Okawaru
 60485 | Vaults:5 | Received a gift from Okawaru
 60655 | Vaults:5 | Got a jewelled morningstar
 60671 | Vaults:5 | Got a bound granite ring
 60687 | Vaults:5 | Paralysed by a sphinx for 3 turns
 60911 | Vaults:5 | Got a silver rune of Zot
 60917 | Vaults:5 | Reached skill level 5 in Invocations
 61058 | Vaults:5 | Identified the ring of Alituusk {*Contam rElec rF++ EV+6 Int-2 Slay+2} (You found it on level 5 of the Vaults)
 61349 | Vaults:5 | Received a gift from Okawaru
 61611 | Vaults:5 | Noticed an ancient lich
 61616 | Vaults:5 | Killed an ancient lich
 61616 | Vaults:5 | Received a gift from Okawaru
 61616 | Vaults:5 | Reached XP level 24. HP: 245/245 MP: 25/26
 61989 | Vaults:5 | Received a gift from Okawaru
 62115 | Vaults:4 | Identified the +5 morningstar of Neugro {crush, *Corrode rF++ MR+ Int+2} (You found it on level 5 of the Vaults)
 64782 | Depths:1 | Entered Level 1 of the Depths
 64969 | Depths:1 | Found a gateway to a ziggurat.
 65051 | Depths:1 | Found a one-way gate leading to the halls of Pandemonium.
 65057 | Depths:1 | Received a gift from Okawaru
 65294 | Depths:1 | Found a one-way gate to the infinite horrors of the Abyss.
 65412 | Depths:1 | Found a gateway to Hell.
 65753 | Depths:1 | Reached skill level 27 in Fighting
 66507 | Depths:2 | Found a runed door.
 66674 | Depths:2 | Noticed a juggernaut
 66676 | Depths:2 | Noticed a juggernaut
 66681 | Depths:2 | Killed a juggernaut
 67286 | Depths:2 | Received a gift from Okawaru
 67516 | Depths:2 | Reached XP level 25. HP: 244/256 MP: 25/26
 67523 | Depths:2 | Killed a juggernaut
 67523 | Depths:2 | Received a gift from Okawaru
 67960 | Depths:2 | Received a gift from Okawaru
 68334 | Depths:2 | Got a pitted plate armour
 68346 | Depths:2 | Identified the +14 plate armour of Supple Strength {rElec Str+5} (You found it on level 2 of the Depths)
 68590 | Depths:2 | Received a gift from Okawaru
 69270 | Depths:2 | Received a gift from Okawaru
 70195 | Depths:3 | Found Katodeh's Book Shop.
 70195 | Depths:3 | Found Senuploud's Magic Scroll Boutique.
 70220 | Depths:3 | Bought a scroll of teleportation for 48 gold pieces
 70220 | Depths:3 | Bought a scroll of blinking for 120 gold pieces
 70220 | Depths:3 | Bought a scroll of blinking for 120 gold pieces
 70220 | Depths:3 | Bought a scroll of magic mapping for 56 gold pieces
 70880 | Depths:3 | Noticed an ancient lich
 70888 | Depths:3 | Killed an ancient lich
 70888 | Depths:3 | Reached skill level 1 in Shields
 71186 | Depths:4 | Received a gift from Okawaru
 71293 | Depths:3 | Received a gift from Okawaru
 71452 | Depths:4 | Noticed a juggernaut
 71455 | Depths:4 | Killed a juggernaut
 71455 | Depths:4 | Received a gift from Okawaru
 71708 | Depths:4 | Reached XP level 26. HP: 256/265 MP: 26/26
 71714 | Depths:4 | Received a gift from Okawaru
 71742 | Depths:4 | Reached skill level 15 in Dodging
 72378 | Depths:4 | Noticed an ancient lich
 72384 | Depths:4 | Killed an ancient lich
 72384 | Depths:4 | Received a gift from Okawaru
 72384 | Depths:4 | Reached skill level 5 in Evocations
 72544 | Depths:4 | Received a gift from Okawaru
 72692 | Depths:4 | Received a gift from Okawaru
 73771 | Depths:5 | Entered Level 5 of the Depths
 73771 | Depths:5 | Found Liump's Armour Shop.
 73829 | Depths:5 | Found Doery's Magic Scroll Shop.
 73879 | Depths:5 | Found Koig's Armour Shop.
 73928 | Depths:5 | Found a gate to the Realm of Zot.
 73977 | Depths:5 | Reached skill level 27 in Armour
 73985 | Depths:5 | Reached skill level 1 in Throwing
 74036 | Depths:5 | Found Agiolud's General Store.
 74070 | Depths:5 | Found a flickering gateway to a bazaar.
 74082 | Bazaar   | Entered a bazaar
 74109 | Bazaar   | Found Sowiutic's Armour Emporium.
 74109 | Bazaar   | Found Fetabb's Distillery.
 74122 | Bazaar   | Found Pouq's Antique Weapon Emporium.
 74135 | Bazaar   | Found Vekytatu's Assorted Antiques.
 74135 | Bazaar   | Found Wuril's General Store.
 74158 | Bazaar   | Bought a scroll of identify for 22 gold pieces
 74193 | Bazaar   | Bought a potion of curing for 33 gold pieces
 74193 | Bazaar   | Bought a potion of haste for 110 gold pieces
 74193 | Bazaar   | Bought a potion of heal wounds for 55 gold pieces
 74193 | Bazaar   | Bought a potion of resistance for 110 gold pieces
 74193 | Bazaar   | Bought 2 potions of curing for 66 gold pieces
 74193 | Bazaar   | Bought a potion of heal wounds for 55 gold pieces
 74199 | Bazaar   | Bought a +0 pair of gloves of archery for 92 gold pieces
 74228 | Bazaar   | Bought a potion of might for 44 gold pieces
 74228 | Bazaar   | Bought a potion of agility for 44 gold pieces
 74228 | Bazaar   | Bought a potion of might for 44 gold pieces
 74296 | Bazaar   | Bought a potion of curing for 72 gold pieces
 74296 | Bazaar   | Bought a scroll labeled LEUM HOTYTZ for 24 gold pieces
 74296 | Bazaar   | Bought 2 potions of curing for 144 gold pieces
 74296 | Bazaar   | Bought a scroll of magic mapping for 84 gold pieces
 74296 | Bazaar   | Bought 2 scrolls of teleportation for 144 gold pieces
 74296 | Bazaar   | Bought a potion of heal wounds for 120 gold pieces
 74296 | Bazaar   | Bought a potion of curing for 72 gold pieces
 74412 | Depths:5 | Noticed Frederick
 74424 | Depths:5 | Killed Frederick
 74460 | Depths:5 | Bought 2 scrolls of teleportation for 84 gold pieces
 74460 | Depths:5 | Bought a scroll of identify for 28 gold pieces
 74491 | Depths:5 | Reached skill level 5 in Throwing
 74823 | Depths:5 | Bought a scroll of teleportation for 63 gold pieces
 74823 | Depths:5 | Bought a scroll of fog for 42 gold pieces
 74826 | Depths:5 | Bought a scroll of enchant weapon for 157 gold pieces
 75076 | Depths:5 | Received a gift from Okawaru
 75219 | Depths:5 | Reached skill level 10 in Throwing
 75265 | Depths:5 | Found Qaemayn's Pet Rocks.
 75534 | Depths:5 | Received a gift from Okawaru
 75631 | Depths:5 | Reached skill level 1 in Long Blades
 76258 | D:12     | You paid a toll of a +6 demon blade to enter a treasure trove
 76259 | Trove    | Entered a treasure trove
 76348 | Trove    | Got a jewelled arbalest
 76350 | Trove    | Got an ichor-stained great mace
 76373 | Trove    | Got a steaming crystal amulet
 76376 | Trove    | Got a fine bronze ring
 76520 | Lair:2   | Identified the ring of Moodiness {+Inv rC- Int+4 Slay+4} (You found it in a treasure trove)
 76521 | Lair:2   | Identified the +4 arbalest "Dadit" {penet, rC++ Str+4} (You found it in a treasure trove)
 76522 | Lair:2   | Identified the +10 great mace of Heobicim {crush, Str-4 Int+4 Stlth+} (You found it in a treasure trove)
 76538 | Lair:2   | Identified the amulet of the Devil's Advocate {Harm *Drain MR+} (You found it in a treasure trove)
 78474 | Elf:3    | Bought a manual of Spellcasting for 1656 gold pieces
 79010 | Depths:5 | Reached skill level 1 in Spellcasting
 79016 | Depths:5 | Reached XP level 27. HP: 271/271 MP: 26/26
 79074 | Zot:1    | Entered Level 1 of the Realm of Zot
 79168 | Zot:1    | Noticed Tiamat
 79172 | Zot:1    | Received a gift from Okawaru
 79194 | Zot:1    | Reached skill level 5 in Spellcasting
 79241 | Zot:1    | Killed Tiamat
 80377 | Zot:2    | Reached skill level 10 in Maces & Flails
 80542 | Zot:2    | Received a gift from Okawaru
 80570 | Zot:2    | Got a heavily jewelled robe {god gift}
 81491 | Zot:1    | Identified the +5 robe of the Untouchables {Str+3} (Okawaru gifted it to you on level 2 of the Realm of Zot)
 82485 | Zot:3    | Received a gift from Okawaru
 83542 | Zot:3    | Noticed an orb of fire
 83543 | Zot:3    | Noticed an ancient lich
 83557 | Zot:3    | Received a gift from Okawaru
 83788 | Zot:3    | Found a stormy altar of Qazlal.
 83816 | Zot:3    | Killed an orb of fire
 83817 | Zot:3    | Killed an ancient lich
 84552 | Zot:4    | Received a gift from Okawaru
 85172 | Depths:4 | Reached skill level 10 in Invocations
 85922 | Zot:5    | Entered Level 5 of the Realm of Zot
 86056 | Zot:5    | Noticed Trampli's ghost (legendary TrBe)
 86072 | Zot:5    | Killed Trampli's ghost
 86640 | Zot:5    | Received a gift from Okawaru
 86896 | Zot:5    | Noticed an ancient lich
 86898 | Zot:5    | Killed an ancient lich
 86990 | Zot:5    | Noticed an orb of fire
 86999 | Zot:5    | Noticed an orb of fire
 87000 | Zot:5    | Killed an orb of fire
 87008 | Zot:5    | Killed an orb of fire
 87045 | Zot:5    | Noticed an orb of fire
 87049 | Zot:5    | Killed an orb of fire
 87049 | Zot:5    | Received a gift from Okawaru
 87051 | Zot:5    | Reached skill level 10 in Stealth
 87238 | Zot:5    | Reached skill level 10 in Evocations
 87401 | Zot:5    | Noticed an orb of fire
 87410 | Zot:5    | Killed an orb of fire
 88581 | Slime:1  | Entered Level 1 of the Pits of Slime
 89004 | Slime:2  | Received a gift from Okawaru
 89802 | Slime:3  | Received a gift from Okawaru
 90041 | Slime:3  | Gained mutation: You are clumsy. (Dex -2) [a shining eye]
 90201 | Slime:3  | Found a viscous altar of Jiyva.
 91274 | Slime:5  | Entered Level 5 of the Pits of Slime
 91478 | Slime:5  | Received a gift from Okawaru
 91583 | Slime:5  | Noticed the Royal Jelly
 91632 | Slime:5  | Found a viscous altar of Jiyva.
 91719 | Slime:5  | Killed the Royal Jelly
 91719 | Slime:5  | Received a gift from Okawaru
 91719 | Slime:5  | Reached skill level 15 in Maces & Flails
 92008 | Slime:5  | Got a slimy rune of Zot
 92666 | Temple   | Fell from the grace of Okawaru
 92666 | Temple   | Became a worshipper of the Shining One
 92946 | Crypt:1  | Entered Level 1 of the Crypt
 93033 | Crypt:1  | Reached * piety under the Shining One
 93156 | Crypt:1  | Found a magical portal.
 93221 | WizLab   | Entered Iskenderun's Mystic Tower
 93461 | WizLab   | Reached ** piety under the Shining One
 93793 | WizLab   | Identified Iskenderun's Collected Works on Arcane Weapons
 93793 | WizLab   | Identified Iskenderun's Catalogue of Arcane Weapons
 93809 | WizLab   | Identified the Compendium of Aerial Transmigration
 93809 | WizLab   | Identified Jimiadd's Tome of Toxins and Necromancy
 93944 | Crypt:1  | Noticed Khufu
 94038 | Crypt:1  | Reached *** piety under the Shining One
 94254 | Crypt:1  | Noticed Jorgrun
 94260 | Crypt:1  | Killed Jorgrun
 94437 | Crypt:1  | Noticed Boris
 94449 | Crypt:1  | Killed Boris
 94546 | Crypt:1  | Noticed a greater mummy
 94548 | Crypt:1  | Noticed a greater mummy
 94692 | Crypt:1  | Killed Khufu
 94699 | Crypt:1  | Killed a greater mummy
 94700 | Crypt:1  | Killed a greater mummy
 94837 | Crypt:1  | Reached **** piety under the Shining One
 95164 | Crypt:2  | Reached ***** piety under the Shining One
 95687 | Crypt:2  | Reached ****** piety under the Shining One
 96271 | Temple   | Identified a +9 triple crossbow of holy wrath (a +9 triple crossbow of flaming blessed by the Shining One)
 96271 | Temple   | Received a gift from the Shining One
 96728 | Crypt:3  | Entered Level 3 of the Crypt
 96904 | Crypt:3  | Found a staircase to the Tomb.
 97007 | Crypt:3  | Noticed Mara
 97011 | Crypt:3  | Killed Mara
 97705 | Crypt:3  | Found an ancient bone altar of Kikubaaqudgha.
 97708 | Crypt:3  | Found a basalt altar of Yredelemnul.
 97858 | Crypt:3  | Got a dazzling broad axe
 97885 | Crypt:3  | Got a scintillating bone ring
 97885 | Crypt:3  | Got a vibrating golden ring
 97914 | Crypt:3  | Was forgiven by Okawaru
 98538 | Lair:2   | Identified the +5 broad axe of the Ring {venom, Dex+2} (You found it on level 3 of the Crypt)
 98545 | Lair:2   | Identified the ring "Yrghy" {rN+ Str+3} (You found it on level 3 of the Crypt)
 98547 | Lair:2   | Identified the ring "Cugiarphuoxt" {*Corrode rElec rF++ rC+ rN+} (You found it on level 3 of the Crypt)
 98926 | Hell     | Entered the Vestibule of Hell
 98929 | Hell     | Noticed Geryon
 98940 | Hell     | Killed Geryon
 99187 | Hell     | Found a gateway to the freezing wastes of Cocytus.
 99426 | Hell     | Found a gateway to the decaying netherworld of Tartarus.
 99611 | Hell     | Found a gateway to the Iron City of Dis.
 99736 | Hell     | Found a gateway to the ashen valley of Gehenna.
 99897 | Dis:1    | Entered Level 1 of the Iron City of Dis
100557 | Dis:1    | Reached skill level 27 in Dodging
100630 | Dis:1    | Found a burning altar of Makhleb.
103701 | Dis:4    | Reached skill level 15 in Invocations
106337 | Dis:7    | Entered Level 7 of the Iron City of Dis
107790 | Dis:7    | Got a heavily jewelled robe
107968 | Dis:7    | Got a sparkling zirconium amulet
107985 | Dis:7    | Identified the amulet "Haovor" {Reflect rElec rC+ Dex+6 Slay-5 SH+3} (You found it on level 7 of the Iron City of Dis)
108099 | Dis:7    | Noticed Dispater
108107 | Dis:7    | Killed Dispater
108263 | Dis:7    | Got an iron rune of Zot
108871 | Dis:7    | Identified the Volume of Mutagenic Enchantment
109047 | Dis:7    | Identified Ruhomol's Papyrus of the Blaze
109060 | Dis:7    | Got a transparent steel ring
109061 | Dis:7    | Identified Vepneip's Papyrus of Good Luck and Transmutation
109085 | Dis:7    | Got a faintly glowing glass ring
109308 | Hell     | Identified the ring "Poajuyle" {rCorr -Tele rF+ Str+4 Stlth+} (You found it on level 7 of the Iron City of Dis)
109310 | Hell     | Identified the ring "Xaynku" {Ice Str+2 Dex+5} (You found it on level 7 of the Iron City of Dis)
109641 | Lair:2   | Identified the +1 robe of the Last Emperors {rN+ rCorr} (You took it off an iron imp on level 7 of the Iron City of Dis)
109979 | Geh:1    | Entered Level 1 of Gehenna
110608 | Geh:3    | Gained mutation: Potions are less effective at restoring your health. [mutagenic glow]
111506 | Geh:7    | Entered Level 7 of Gehenna
111520 | Geh:7    | Reached skill level 27 in Maces & Flails
112642 | Geh:7    | Reached skill level 15 in Stealth
112680 | Geh:7    | Got a smoking jade ring
113063 | Geh:7    | Noticed Asmodeus
113237 | Geh:7    | Killed Asmodeus
113320 | Geh:7    | Got an obsidian rune of Zot
113566 | Hell     | Identified the ring of Ririy {+Blink MP+9 SInv} (You found it on level 7 of Gehenna)
114164 | Tar:1    | Entered Level 1 of Tartarus
114262 | Tar:1    | Gained mutation: You expend magic power (3 MP) to strengthen your wands. [mutagenic glow]
114327 | Tar:1    | Gained mutation: Armour fits poorly on your strangely shaped body. [mutagenic glow]
114708 | Lair:2   | Lost mutation: You are clumsy. (Dex -2) [potion of mutation]
114708 | Lair:2   | Lost mutation: Potions are less effective at restoring your health. [potion of mutation]
114708 | Lair:2   | Lost mutation: You expend magic power (3 MP) to strengthen your wands. [potion of mutation]
114708 | Lair:2   | Lost mutation: Armour fits poorly on your strangely shaped body. [potion of mutation]
114708 | Lair:2   | Gained mutation: Your muscles are strong. (Str +2) [potion of mutation]
114708 | Lair:2   | Gained mutation: Your muscles are very strong. (Str +4) [potion of mutation]
115746 | Tar:4    | Cast into level 4 of the Abyss (reaper)
116010 | Abyss:4  | Gained mutation: Your magical capacity is low. (-10% MP) [a neqoxec]
116110 | Tar:4    | Escaped the Abyss
116298 | Tar:5    | Paralysed by a vampire knight for 2 turns
116989 | Tar:7    | Entered Level 7 of Tartarus
117802 | Tar:7    | Noticed Ereshkigal
117815 | Tar:7    | Killed Ereshkigal
118011 | Tar:7    | Got a bone rune of Zot
118479 | Tar:7    | Got a wavering crystal amulet
118480 | Tar:7    | Identified the Handbook of Conjuration and Malediction
118650 | Tar:7    | Got a dazzling cloak
118844 | Tar:7    | Identified the cursed +0 cloak of Disguise {rCorr Stlth+} (You found it on level 7 of Tartarus)
118919 | Tar:7    | Identified the amulet "Dorai" {Inacc *Corrode rN+++ MP+9 Str+5} (You found it on level 7 of Tartarus)
119662 | Zig:1    | Entered Level 1 of a ziggurat
119682 | Zig:2    | Entered Level 2 of a ziggurat
120021 | Zig:3    | Entered Level 3 of a ziggurat
120057 | Zig:4    | Entered Level 4 of a ziggurat
120107 | Zig:4    | Identified the Incunabulum of Gliding Clay
120120 | Zig:5    | Entered Level 5 of a ziggurat
120128 | Zig:5    | Noticed a juggernaut
120138 | Zig:5    | Killed a juggernaut
120237 | Zig:6    | Entered Level 6 of a ziggurat
120324 | Zig:6    | Got an ancient whip
120330 | Zig:6    | Identified the +9 whip "Cusheck" {freeze, rPois rF+ MR-} (You found it on level 6 of a ziggurat)
120335 | Zig:7    | Entered Level 7 of a ziggurat
120347 | Zig:7    | Noticed Fukouk the pandemonium lord
120357 | Zig:7    | Killed Fukouk the pandemonium lord
120394 | Zig:7    | Identified the Papyrus of Mutagenic Summoning
120430 | Zig:7    | Got an encrusted morningstar
120432 | Zig:7    | Identified the +9 morningstar of Ujeyfuat {freeze, rF- rN+++ Dex-3} (You found it on level 7 of a ziggurat)
120453 | Zig:8    | Entered Level 8 of a ziggurat
120564 | Zig:9    | Entered Level 9 of a ziggurat
120586 | Zig:9    | Reached skill level 27 in Invocations
120592 | Zig:9    | Reached skill level 1 in Charms
120721 | Zig:9    | Identified Uziapleta's Papyrus of Air and the Glacier
120733 | Zig:9    | Got a polished morningstar
120734 | Zig:9    | Identified the +10 morningstar of Wisdom {vamp, Str+4} (You found it on level 9 of a ziggurat)
120789 | Zig:10   | Entered Level 10 of a ziggurat
120799 | Zig:10   | Noticed a juggernaut
120808 | Zig:10   | Noticed a juggernaut
120811 | Zig:10   | Killed a juggernaut
120819 | Zig:10   | Reached skill level 5 in Charms
120825 | Zig:10   | Killed a juggernaut
120902 | Zig:10   | Identified the Reference Book on Igneous Dark Secrets
120939 | Zig:10   | Got a bound golden ring
120943 | Zig:10   | Identified the cursed ring of Ezisa {rF+ EV-2} (You found it on level 10 of a ziggurat)
120964 | Zig:10   | Got a slimy scale mail
120975 | Zig:10   | Identified the +4 scale mail of the Depths {rF+ Str+2} (You found it on level 10 of a ziggurat)
121006 | Zig:10   | Learned a level 2 spell: Swiftness
121008 | Zig:11   | Entered Level 11 of a ziggurat
121035 | Zig:11   | HP: 9/272 [hell hound/blast of flame (6)]
121043 | Zig:11   | Got a shimmering crystal amulet
121045 | Zig:12   | Entered Level 12 of a ziggurat
121369 | Zig:12   | Identified the amulet "Heuch" {Harm *Drain +Inv Str-5 Int+9} (You found it on level 11 of a ziggurat)
121372 | Zig:12   | Got a fine iron ring
121376 | Zig:12   | Identified the ring of Equilibrium {Int+2 SInv Stlth+} (You found it on level 12 of a ziggurat)
121403 | Zig:13   | Entered Level 13 of a ziggurat
121535 | Zig:13   | Got a pitted emerald amulet
121537 | Zig:13   | Identified the amulet of Ususi {RegenMP Str+7} (You found it on level 13 of a ziggurat)
121559 | Zig:14   | Entered Level 14 of a ziggurat
121580 | Zig:14   | Noticed Zwobot's ghost (legendary TeFE)
121581 | Zig:14   | Reached skill level 10 in Charms
121604 | Zig:14   | Killed Zwobot's ghost
121703 | Zig:14   | Identified the Guide on Transmigration
121753 | Zig:14   | Got a shimmering pewter ring
121759 | Zig:14   | Identified the ring "Timiob" {+Blink rN+ Str+5 Int+2 Dex-5} (You found it on level 14 of a ziggurat)
121766 | Zig:14   | Got a steaming broad axe
121767 | Zig:14   | Identified the +7 broad axe of Lumuplih {chop, *Slow rF++ rN+} (You found it on level 14 of a ziggurat)
121804 | Zig:15   | Entered Level 15 of a ziggurat
122172 | Zig:15   | Identified the Guide on Entrancing Cold
122220 | Zig:16   | Entered Level 16 of a ziggurat
122231 | Zig:16   | Noticed a greater mummy
122254 | Zig:16   | Noticed a greater mummy
122255 | Zig:16   | Noticed a greater mummy
122258 | Zig:16   | Killed a greater mummy
122269 | Zig:16   | Noticed a greater mummy
122270 | Zig:16   | Killed a greater mummy
122281 | Zig:16   | Killed a greater mummy
122294 | Zig:16   | Noticed a greater mummy
122302 | Zig:16   | Killed a greater mummy
122305 | Zig:16   | Killed a greater mummy
122655 | Zig:16   | Got a slimy chain mail
122666 | Zig:16   | Identified the +1 chain mail of Sunlight {rF+} (You found it on level 16 of a ziggurat)
122719 | Zig:17   | Entered Level 17 of a ziggurat
122802 | Zig:17   | Reached skill level 15 in Evocations
123000 | Zig:17   | Reached skill level 5 in Hexes
123004 | Zig:17   | Got a shimmering zirconium amulet
123005 | Zig:17   | Identified the amulet of Qyilurch {Reflect rElec Str+5 Int+2 SH+3} (You found it on level 17 of a ziggurat)
123019 | Zig:17   | Got a fine hand crossbow
123020 | Zig:17   | Identified the +5 hand crossbow of Sofuf {velocity, Str+2 Int+3 Stlth+} (You found it on level 17 of a ziggurat)
123068 | Zig:17   | Identified the Guide on Dusty Flames
123090 | Zig:18   | Entered Level 18 of a ziggurat
123102 | Zig:18   | Noticed a juggernaut
123114 | Zig:18   | Killed a juggernaut
123120 | Zig:18   | Noticed a juggernaut
123123 | Zig:18   | Killed a juggernaut
124077 | Tomb:1   | Entered Level 1 of the Tomb of the Ancients
124687 | Tomb:1   | Noticed a greater mummy
124689 | Tomb:1   | Killed a greater mummy
125675 | Tomb:2   | Noticed a greater mummy
125675 | Tomb:2   | Noticed a greater mummy
125677 | Tomb:2   | Noticed a greater mummy
125678 | Tomb:2   | Noticed a greater mummy
125680 | Tomb:2   | Noticed a greater mummy
125705 | Tomb:2   | Killed a greater mummy
125748 | Tomb:2   | Killed a greater mummy
125748 | Tomb:2   | Reached skill level 10 in Spellcasting
125785 | Tomb:2   | Killed a greater mummy
125891 | Tomb:2   | Killed a greater mummy
126131 | Tomb:2   | Killed a greater mummy
126949 | Tomb:1   | Noticed a greater mummy
126949 | Tomb:1   | Noticed a greater mummy
126949 | Tomb:1   | Noticed a greater mummy
126949 | Tomb:1   | Noticed a greater mummy
126952 | Tomb:1   | Noticed a greater mummy
126956 | Tomb:1   | Killed a greater mummy
126957 | Tomb:1   | Killed a greater mummy
126959 | Tomb:1   | Noticed a greater mummy
126960 | Tomb:1   | Noticed a greater mummy
127099 | Tomb:1   | Noticed a greater mummy
127100 | Tomb:1   | Noticed a greater mummy
127101 | Tomb:1   | Killed a greater mummy
127102 | Tomb:1   | Killed a greater mummy
127110 | Tomb:1   | Killed a greater mummy
127240 | Tomb:1   | Noticed a greater mummy
127242 | Tomb:1   | Killed a greater mummy
127246 | Tomb:1   | Killed a greater mummy
127351 | Tomb:1   | Noticed a greater mummy
127354 | Tomb:1   | Killed a greater mummy
127361 | Tomb:1   | Killed a greater mummy
127365 | Tomb:1   | Killed a greater mummy
127592 | Tomb:1   | Killed a greater mummy
127714 | Tomb:1   | Noticed a greater mummy
127718 | Tomb:1   | Killed a greater mummy
127839 | Tomb:1   | Noticed a greater mummy
127842 | Tomb:1   | Killed a greater mummy
127898 | Tomb:1   | Noticed a greater mummy
127901 | Tomb:1   | Killed a greater mummy
127903 | Tomb:1   | Noticed a greater mummy
127903 | Tomb:1   | Noticed a greater mummy
127980 | Tomb:1   | Killed a greater mummy
128025 | Tomb:1   | Noticed a greater mummy
128087 | Tomb:1   | Killed a greater mummy
128232 | Tomb:1   | Killed a greater mummy
128239 | Tomb:1   | Noticed a greater mummy
128246 | Tomb:1   | Killed a greater mummy
128394 | Tomb:1   | Noticed a greater mummy
128398 | Tomb:1   | Killed a greater mummy
128403 | Tomb:1   | Noticed a greater mummy
128407 | Tomb:1   | Killed a greater mummy
128428 | Tomb:1   | Noticed a greater mummy
128433 | Tomb:1   | Killed a greater mummy
128437 | Tomb:1   | Noticed a greater mummy
128442 | Tomb:1   | Killed a greater mummy
128444 | Tomb:1   | Noticed a greater mummy
128454 | Tomb:1   | Killed a greater mummy
128755 | Tomb:3   | Entered Level 3 of the Tomb of the Ancients
128778 | Tomb:3   | Noticed a greater mummy
128783 | Tomb:3   | Noticed a greater mummy
128785 | Tomb:3   | Killed a greater mummy
128787 | Tomb:3   | Noticed a greater mummy
128789 | Tomb:3   | Noticed a greater mummy
128791 | Tomb:3   | Noticed a greater mummy
128797 | Tomb:3   | Noticed a greater mummy
128805 | Tomb:3   | Noticed a greater mummy
128807 | Tomb:3   | Killed a greater mummy
128959 | Tomb:3   | Killed a greater mummy
128968 | Tomb:3   | Killed a greater mummy
128972 | Tomb:3   | Noticed an ancient lich
128974 | Tomb:3   | Killed an ancient lich
128991 | Tomb:3   | Killed a greater mummy
129197 | Tomb:3   | Got a transparent scale mail
129244 | Tomb:3   | Noticed a greater mummy
129246 | Tomb:3   | Killed a greater mummy
129262 | Tomb:3   | Got an encrusted hand crossbow
129293 | Tomb:3   | Killed a greater mummy
129342 | Tomb:3   | Killed a greater mummy
129506 | Tomb:3   | Got a golden rune of Zot
129635 | Tomb:3   | Identified Waunokk's Handbook of Stolen Souls and Moulding
129859 | Tomb:3   | Identified the +9 hand crossbow "Qyukilif" {elec, rF+ Str+3} (You found it on level 3 of the Tomb of the Ancients)
129871 | Tomb:3   | Identified the +3 scale mail of Beauty {rN++ Str+2} (You found it on level 3 of the Tomb of the Ancients)
129895 | Tomb:3   | Got a translucent silver amulet
129896 | Tomb:3   | Identified the amulet of Igeryang {Gourm rElec rN+ Str+2} (You found it on level 3 of the Tomb of the Ancients)
129901 | Tomb:3   | Got a scintillating copper ring
129916 | Tomb:3   | Got a clouded amber ring
129921 | Tomb:3   | Got a clouded granite ring
129937 | Tomb:3   | Identified the ring "Wuenlom" {+Inv rElec rF+ rN+++ Stlth-} (You found it on level 3 of the Tomb of the Ancients)
129939 | Tomb:3   | Identified the ring of Kugo {*Slow +Inv Int+5 Dex+2 Stlth-} (You found it on level 3 of the Tomb of the Ancients)
129941 | Tomb:3   | Identified the ring of Gluttony {Ice rPois MR+ Str-3} (You found it on level 3 of the Tomb of the Ancients)
131261 | Tomb:3   | Got a slimy war axe
131403 | Tomb:3   | Identified the +4 war axe of Discretion {chop, Dex+7} (You found it on level 3 of the Tomb of the Ancients)
132172 | Depths:1 | Voluntarily entered the Abyss.
132656 | Abyss:2  | Found a snail-covered altar of Cheibriados.
133004 | Abyss:3  | Got an abyssal rune of Zot
133037 | Depths:1 | Escaped the Abyss
133071 | Pan      | Entered Pandemonium
133121 | Pan      | Gained mutation: You tend to lose your temper in combat. [a cacodemon]
133461 | Pan      | Found an exit through the horrors of the Abyss.
133553 | Pan      | Reached skill level 15 in Spellcasting
134154 | Pan      | Found an exit through the horrors of the Abyss.
134772 | Pan      | Lost mutation: Your muscles are very strong. (Str +4) [a cacodemon]
134882 | Pan      | Found a runed door.
135324 | Pan      | Noticed Naskem the pandemonium lord
135330 | Pan      | Gained mutation: Your muscles are very strong. (Str +4) [a cacodemon]
135336 | Pan      | Killed Naskem the pandemonium lord
135389 | Pan      | Gained mutation: You are frail. (-10% HP) [a cacodemon]
135479 | Pan      | Found an exit through the horrors of the Abyss.
135679 | Pan      | Noticed Dyhore the pandemonium lord
135681 | Pan      | Killed Dyhore the pandemonium lord
136781 | Pan      | Noticed Aqilaru the pandemonium lord
136789 | Pan      | Killed Aqilaru the pandemonium lord
137054 | Pan      | Found an exit through the horrors of the Abyss.
137429 | Depths:1 | Escaped Pandemonium
137972 | Pan      | Entered Pandemonium
138185 | Pan      | Found a runed door.
138202 | Pan      | Found a runed door.
138211 | Pan      | Noticed feelmyfire's ghost (legendary HOBe)
138218 | Pan      | Killed feelmyfire's ghost
138231 | Pan      | Found a runed door.
138311 | Pan      | Found an exit through the horrors of the Abyss.
138570 | Pan      | Found a runed door.
138964 | Pan      | Noticed Wyubowit the pandemonium lord
138974 | Pan      | Killed Wyubowit the pandemonium lord
139004 | Pan      | Got a coiled brass ring
139031 | Pan      | Identified the ring of Pueterr {rElec rC+ Str+3 Dex+2} (You found it in Pandemonium)
139417 | Pan      | Noticed Mefoh the pandemonium lord
139423 | Pan      | Killed Mefoh the pandemonium lord
139515 | Pan      | Found an exit through the horrors of the Abyss.
139910 | Pan      | Found an exit through the horrors of the Abyss.
140084 | Pan      | Noticed Usalakhi the pandemonium lord
140092 | Pan      | Killed Usalakhi the pandemonium lord
140186 | Pan      | Got a demonic rune of Zot
140795 | Pan      | Found a runed door.
140800 | Pan      | Found a runed door.
140828 | Pan      | Found a runed door.
140832 | Pan      | Noticed Vuckoit the pandemonium lord
140834 | Pan      | Killed Vuckoit the pandemonium lord
140838 | Pan      | Found a runed door.
140961 | Pan      | Noticed Nyhutuum the pandemonium lord
140990 | Pan      | Killed Nyhutuum the pandemonium lord
141666 | Pan      | Entered the realm of Mnoleg.
141922 | Pan      | Lost mutation: Your muscles are very strong. (Str +4) [a cacodemon]
142052 | Pan      | Got a twitching gossamer ring
142054 | Pan      | Identified the ring "Earthly Heaven" {rElec Str+4 Dex+2} (You found it in Pandemonium)
142067 | Pan      | Found an exit through the horrors of the Abyss.
142490 | Pan      | Gained mutation: You do not regenerate when monsters are visible. [a neqoxec]
142589 | Pan      | Noticed Mnoleg
142644 | Pan      | Gained mutation: You often lose your temper in combat. [a neqoxec]
142646 | Pan      | Killed Mnoleg
142781 | Pan      | Got a glowing rune of Zot
142825 | Pan      | Lost mutation: You often lose your temper in combat. [potion of mutation]
142825 | Pan      | Lost mutation: You do not regenerate when monsters are visible. [potion of mutation]
142825 | Pan      | Lost mutation: You are frail. (-10% HP) [potion of mutation]
142825 | Pan      | Lost mutation: Your magical capacity is low. (-10% MP) [potion of mutation]
142825 | Pan      | Gained mutation: You are resistant to electric shocks. (rElec) [potion of mutation]
142825 | Pan      | Gained mutation: You are somewhat resistant to further mutation. [potion of mutation]
142825 | Pan      | Gained mutation: You occasionally shout uncontrollably at your foes. [potion of mutation]
142825 | Pan      | Gained mutation: Your muscles are very strong. (Str +4) [potion of mutation]
142828 | Pan      | Lost mutation: You occasionally shout uncontrollably at your foes. [potion of mutation]
142828 | Pan      | Lost mutation: You tend to lose your temper in combat. [potion of mutation]
142828 | Pan      | Lost mutation: Your muscles are very strong. (Str +4) [potion of mutation]
142828 | Pan      | Lost mutation: You are resistant to electric shocks. (rElec) [potion of mutation]
142828 | Pan      | Lost mutation: Your muscles are strong. (Str +2) [potion of mutation]
142828 | Pan      | Gained mutation: You are partially covered in large bone plates. (SH +4) [potion of mutation]
142828 | Pan      | Gained mutation: You are robust. (+10% HP) [potion of mutation]
143090 | Pan      | Found an exit through the horrors of the Abyss.
143326 | Pan      | Found an exit through the horrors of the Abyss.
143354 | Pan      | Found an exit through the horrors of the Abyss.
143356 | Pan      | Found a runed door.
143385 | Pan      | Found a runed door.
143385 | Pan      | Noticed Ydavaqy the pandemonium lord
143394 | Pan      | Killed Ydavaqy the pandemonium lord
143410 | Pan      | Found a runed door.
143415 | Pan      | Found a runed door.
143583 | Pan      | Found an exit through the horrors of the Abyss.
144064 | Pan      | Found an exit through the horrors of the Abyss.
144380 | Pan      | Found an exit through the horrors of the Abyss.
144703 | Pan      | Found a glowing silver altar of Zin.
145973 | Pan      | Noticed a seraph
145990 | Pan      | Killed a seraph
146014 | Pan      | Found a glowing golden altar of the Shining One.
146067 | Pan      | Identified the Grimoire of Orthodoxy
146596 | Pan      | Found a white marble altar of Elyvilon.
147562 | Pan      | Noticed Xorryl the pandemonium lord
147573 | Pan      | Killed Xorryl the pandemonium lord
147917 | Pan      | Entered the realm of Lom Lobon.
147917 | Pan      | Noticed Lom Lobon
148071 | Pan      | Found an exit through the horrors of the Abyss.
149222 | Pan      | The Shining One protects you from harm!
149232 | Pan      | Got a magical rune of Zot
149516 | Pan      | Killed Lom Lobon
149839 | Pan      | Entered the realm of Gloorx Vloq.
149917 | Pan      | Found an exit through the horrors of the Abyss.
150673 | Pan      | Noticed Gloorx Vloq
150818 | Pan      | Killed Gloorx Vloq
150831 | Pan      | Got a dark rune of Zot
151310 | Pan      | Noticed Larisua the pandemonium lord
151312 | Pan      | Killed Larisua the pandemonium lord
151367 | Pan      | Got a bloodstained chain mail
151552 | Pan      | Noticed Diatzeas the pandemonium lord
151559 | Pan      | Killed Diatzeas the pandemonium lord
151703 | Pan      | Noticed Teum the pandemonium lord
151716 | Pan      | Killed Teum the pandemonium lord
151992 | Pan      | Noticed Utez the pandemonium lord
151996 | Pan      | Killed Utez the pandemonium lord
152436 | Pan      | Found an exit through the horrors of the Abyss.
152456 | Pan      | Entered the realm of Cerebov.
152529 | Pan      | Found an exit through the horrors of the Abyss.
153101 | Pan      | Noticed Cerebov
153115 | Pan      | Killed Cerebov
153245 | Pan      | Got a fiery rune of Zot
153284 | Pan      | Got a flickering amethyst amulet
153285 | Pan      | Identified the amulet of the Illusory Nights {+Inv Regen+ Dex+2} (You found it in Pandemonium)
153287 | Pan      | Identified the +1 chain mail of Kindness {rC+ MP+9 Dex-4} (You found it in Pandemonium)
153578 | Depths:1 | Escaped Pandemonium
154016 | D:8      | Bought a scroll of enchant armour for 90 gold pieces
154109 | D:7      | Bought a scroll of enchant armour for 112 gold pieces
154109 | D:7      | Bought a scroll of fog for 30 gold pieces
154109 | D:7      | Bought a scroll of fear for 52 gold pieces
154439 | Zig:1    | Entered Level 1 of a ziggurat
154465 | Zig:2    | Entered Level 2 of a ziggurat
154500 | Zig:3    | Entered Level 3 of a ziggurat
154531 | Zig:4    | Entered Level 4 of a ziggurat
154576 | Zig:5    | Entered Level 5 of a ziggurat
154624 | Zig:5    | Got a pair of polished gloves
154635 | Zig:5    | Identified the +2 pair of gloves of Sud Hoss {rN++} (You found it on level 5 of a ziggurat)
154650 | Zig:6    | Entered Level 6 of a ziggurat
154712 | Zig:6    | Identified the Grimoire of Flames and Evil Arts
154733 | Zig:6    | Identified Lewox's Catalogue of Shape Shifting
154746 | Zig:7    | Entered Level 7 of a ziggurat
154837 | Zig:8    | Entered Level 8 of a ziggurat
154843 | Zig:8    | Noticed an ancient lich
154857 | Zig:8    | Killed an ancient lich
154919 | Zig:9    | Entered Level 9 of a ziggurat
155049 | Zig:10   | Entered Level 10 of a ziggurat
155124 | Zig:10   | Reached skill level 10 in Shields
155145 | Zig:10   | Got a scorched steel ring
155148 | Zig:10   | Identified the Volume of Mutagenic Toxins
155177 | Zig:10   | Identified the ring "Xauff" {MR+ Stlth-} (You found it on level 10 of a ziggurat)
155199 | Zig:11   | Entered Level 11 of a ziggurat
155359 | Zig:12   | Entered Level 12 of a ziggurat
155451 | Zig:12   | Identified the Almanac of the Gardener
155473 | Zig:13   | Entered Level 13 of a ziggurat
155597 | Zig:13   | Got a fine great mace
155599 | Zig:13   | Got an encrusted great mace
155604 | Zig:13   | Identified the cursed +0 great mace "Cufuad" {chaos, rN+ Int+2} (You found it on level 13 of a ziggurat)
155606 | Zig:13   | Identified the +9 great mace of Numamon {freeze, Fragile Str+5 SInv} (You found it on level 13 of a ziggurat)
155625 | Zig:14   | Entered Level 14 of a ziggurat
156268 | Zig:14   | Identified Qisekkon's Handbook of Shape Shifting and the Mountains
156353 | Zig:15   | Entered Level 15 of a ziggurat
156494 | Zig:15   | Got a smoking arbalest
156495 | Zig:15   | Identified the cursed +2 arbalest "Eplifen" {penet, Dex+8} (You found it on level 15 of a ziggurat)
156517 | Zig:16   | Entered Level 16 of a ziggurat
156524 | Zig:16   | Noticed Mownaw the pandemonium lord
156525 | Zig:16   | Noticed Umam the pandemonium lord
156526 | Zig:16   | Noticed Hudeppieck the pandemonium lord
156529 | Zig:16   | Noticed Xacuom the pandemonium lord
156529 | Zig:16   | Noticed Cyngam the pandemonium lord
156530 | Zig:16   | Noticed Diucad the pandemonium lord
156531 | Zig:16   | Noticed Qant the pandemonium lord
156531 | Zig:16   | Noticed Qelef the pandemonium lord
156531 | Zig:16   | Noticed Jomops the pandemonium lord
156531 | Zig:16   | Killed Mownaw the pandemonium lord
156532 | Zig:16   | Noticed Eguxogh the pandemonium lord
156539 | Zig:17   | Entered Level 17 of a ziggurat
156627 | Zig:17   | Noticed a greater mummy
156644 | Zig:17   | Killed a greater mummy
156651 | Zig:17   | Noticed a greater mummy
156652 | Zig:17   | Noticed a greater mummy
156655 | Zig:17   | Noticed a greater mummy
156659 | Zig:17   | Noticed a greater mummy
156659 | Zig:17   | Killed a greater mummy
156660 | Zig:17   | Noticed a greater mummy
156661 | Zig:17   | HP: 4/297 [mummy priest/divine providence (15)]
156663 | Zig:17   | Killed a greater mummy
156666 | Zig:17   | Noticed a greater mummy
156667 | Zig:17   | Noticed a greater mummy
156672 | Zig:18   | Entered Level 18 of a ziggurat
156816 | Zig:18   | Reached skill level 15 in Charms
156973 | Zig:18   | Got a faintly glowing silver amulet
156977 | Zig:18   | Identified the amulet of the Open Hand {Spirit rF- rC+ Slay+5 SInv} (You found it on level 18 of a ziggurat)
156986 | Zig:18   | Identified Gant's Papyrus of Dislocation
156993 | Zig:18   | Learned a level 2 spell: Blink
156994 | Zig:18   | Identified the Almanac of the Igneous Oath
157140 | Zig:19   | Entered Level 19 of a ziggurat
157157 | Zig:19   | Reached skill level 1 in Translocations
157159 | Zig:19   | Noticed Casos the pandemonium lord
157167 | Zig:20   | Entered Level 20 of a ziggurat
157195 | Zig:20   | Noticed Giburr the pandemonium lord
157199 | Zig:20   | Noticed Pucoo the pandemonium lord
157199 | Zig:20   | Noticed Ynyhamil the pandemonium lord
157199 | Zig:20   | Noticed Plog the pandemonium lord
157199 | Zig:20   | Noticed Sojocino the pandemonium lord
157200 | Zig:20   | Noticed Noffe the pandemonium lord
157200 | Zig:20   | Noticed Cukoikhloo the pandemonium lord
157200 | Zig:20   | Noticed Pian the pandemonium lord
157200 | Zig:20   | Noticed Derhu the pandemonium lord
157669 | Coc:1    | Entered Level 1 of Cocytus
157882 | Coc:5    | Reached skill level 5 in Translocations
158040 | Coc:7    | Entered Level 7 of Cocytus
158340 | Coc:7    | Reached skill level 10 in Translocations
158416 | Coc:7    | Identified the Catalogue of Arcane Weapons and Execration
158526 | Coc:7    | Noticed the Serpent of Hell
158690 | Coc:7    | Noticed dvd's ghost (legendary MiFi)
158706 | Coc:7    | Killed dvd's ghost
158861 | Coc:7    | Killed the Serpent of Hell
159104 | Coc:7    | Noticed Antaeus
159302 | Coc:7    | Killed Antaeus
159306 | Coc:7    | Got a slimy whip {protect}
159346 | Coc:7    | Got an icy rune of Zot
159997 | Zot:5    | Got the Orb of Zot
160060 | Zot:5    | Noticed Lyxkore the pandemonium lord
160186 | Zot:3    | Noticed a seraph
160551 | D:12     | Noticed a seraph
160848 | D:1      | Lost mutation: You are somewhat resistant to further mutation. [potion of mutation]
160848 | D:1      | Lost mutation: You are robust. (+10% HP) [potion of mutation]
160848 | D:1      | Gained mutation: You are resistant to electric shocks. (rElec) [potion of mutation]
160849 | D:1      | Lost mutation: You are resistant to electric shocks. (rElec) [potion of mutation]
160849 | D:1      | Gained mutation: You are agile. (Dex +2) [potion of mutation]
160849 | D:1      | Gained mutation: You tend to lose your temper in combat. [potion of mutation]
160849 | D:1      | Lost mutation: You tend to lose your temper in combat. [potion of mutation]
160849 | D:1      | Gained mutation: You are partially covered in slimy green scales. (AC +2) [potion of mutation]
160850 | D:1      | Lost mutation: You are agile. (Dex +2) [potion of mutation]
160850 | D:1      | Lost mutation: You are partially covered in large bone plates. (SH +4) [potion of mutation]
160850 | D:1      | Lost mutation: You are partially covered in slimy green scales. (AC +2) [potion of mutation]
160850 | D:1      | Gained mutation: You are dopey. (Int -2) [potion of mutation]
160850 | D:1      | Gained mutation: Your muscles are strong. (Str +2) [potion of mutation]
160850 | D:1      | Gained mutation: You are partially covered in molten scales. (AC +2) [potion of mutation]
160850 | D:1      | Gained mutation: Your flesh is heat resistant. (rF+) [potion of mutation]
160851 | D:1      | Lost mutation: Your muscles are strong. (Str +2) [potion of mutation]
160851 | D:1      | Lost mutation: Your flesh is heat resistant. (rF+) [potion of mutation]
160851 | D:1      | Lost mutation: You are dopey. (Int -2) [potion of mutation]
160851 | D:1      | Gained mutation: You have a somewhat thin skeletal structure. (Dex +2, Stealth) [potion of mutation]
160851 | D:1      | Gained mutation: You have a pair of large horns on your head. [potion of mutation]
160852 | D:1      | Lost mutation: You have a pair of large horns on your head. [potion of mutation]
160852 | D:1      | Gained mutation: You are weak. (Str -2) [potion of mutation]
160852 | D:1      | Gained mutation: You have a beak for a mouth. [potion of mutation]
160852 | D:1      | Gained mutation: You are partially covered in thin metallic scales. (AC +2) [potion of mutation]
160853 | D:1      | Lost mutation: You are partially covered in thin metallic scales. (AC +2) [potion of mutation]
160853 | D:1      | Lost mutation: You are partially covered in molten scales. (AC +2) [potion of mutation]
160853 | D:1      | Gained mutation: Your system is resistant to poisons. (rPois) [potion of mutation]
160853 | D:1      | Lost mutation: You are weak. (Str -2) [potion of mutation]
160853 | D:1      | Gained mutation: You passively map a small area around you. [potion of mutation]
160854 | D:1      | Lost mutation: Your system is resistant to poisons. (rPois) [potion of mutation]
160854 | D:1      | Lost mutation: You passively map a small area around you. [potion of mutation]
160854 | D:1      | Gained mutation: You occasionally shout uncontrollably at your foes. [potion of mutation]
160854 | D:1      | Gained mutation: Your natural rate of healing is unusually fast. [potion of mutation]
160855 | D:1      | Lost mutation: You have a beak for a mouth. [potion of mutation]
160855 | D:1      | Lost mutation: You have a somewhat thin skeletal structure. (Dex +2, Stealth) [potion of mutation]
160855 | D:1      | Lost mutation: You occasionally shout uncontrollably at your foes. [potion of mutation]
160855 | D:1      | Gained mutation: You are covered in fur. (AC +1) [potion of mutation]
160855 | D:1      | Gained mutation: Your flesh is heat resistant. (rF+) [potion of mutation]
160856 | D:1      | Lost mutation: Your natural rate of healing is unusually fast. [potion of mutation]
160856 | D:1      | Lost mutation: Your flesh is heat resistant. (rF+) [potion of mutation]
160856 | D:1      | Lost mutation: You are covered in fur. (AC +1) [potion of mutation]
160856 | D:1      | Gained mutation: You are frail. (-10% HP) [potion of mutation]
160856 | D:1      | Gained mutation: Your flesh is cold resistant. (rC+) [potion of mutation]
160856 | D:1      | Gained mutation: Your muscles are strong. (Str +2) [potion of mutation]
160857 | D:1      | Lost mutation: Your flesh is cold resistant. (rC+) [potion of mutation]
160857 | D:1      | Lost mutation: Your muscles are strong. (Str +2) [potion of mutation]
160857 | D:1      | Gained mutation: You have a pair of large horns on your head. [potion of mutation]
160857 | D:1      | Gained mutation: Your spells are a little easier to cast, but a little less powerful. [potion of mutation]
160857 | D:1      | Gained mutation: You possess an exceptional clarity of mind. [potion of mutation]
160858 | D:1      | Lost mutation: You are frail. (-10% HP) [potion of mutation]
160858 | D:1      | Lost mutation: You possess an exceptional clarity of mind. [potion of mutation]
160858 | D:1      | Lost mutation: You have a pair of large horns on your head. [potion of mutation]
160858 | D:1      | Gained mutation: You have large cloven feet. [potion of mutation]
160858 | D:1      | Gained mutation: You are partially covered in slimy green scales. (AC +2) [potion of mutation]
160859 | D:1      | Lost mutation: Your spells are a little easier to cast, but a little less powerful. [potion of mutation]
160859 | D:1      | Lost mutation: You are partially covered in slimy green scales. (AC +2) [potion of mutation]
160859 | D:1      | Lost mutation: You have large cloven feet. [potion of mutation]
160859 | D:1      | Gained mutation: Your spells are a little harder to cast, but a little more powerful. [potion of mutation]
160859 | D:1      | Gained mutation: You are agile. (Dex +2) [potion of mutation]
160859 | D:1      | Gained mutation: You are covered in fur. (AC +1) [potion of mutation]
160859 | D:1      | Gained mutation: Your mind is acute. (Int +2) [potion of mutation]
160860 | D:1      | Lost mutation: Your mind is acute. (Int +2) [potion of mutation]
160860 | D:1      | Lost mutation: You are covered in fur. (AC +1) [potion of mutation]
160860 | D:1      | Lost mutation: You are agile. (Dex +2) [potion of mutation]
160860 | D:1      | Lost mutation: Your spells are a little harder to cast, but a little more powerful. [potion of mutation]
160860 | D:1      | Gained mutation: You tend to lose your temper in combat. [potion of mutation]
160860 | D:1      | Gained mutation: Your movements are slightly less encumbered by armour. (ER -2) [potion of mutation]
160860 | D:1      | Gained mutation: Your spells are a little harder to cast, but a little more powerful. [potion of mutation]
160861 | D:1      | Lost mutation: You tend to lose your temper in combat. [potion of mutation]
160861 | D:1      | Lost mutation: Your spells are a little harder to cast, but a little more powerful. [potion of mutation]
160861 | D:1      | Lost mutation: Your movements are slightly less encumbered by armour. (ER -2) [potion of mutation]
160861 | D:1      | Gained mutation: You are frail. (-10% HP) [potion of mutation]
160861 | D:1      | Gained mutation: Your muscles are strong. (Str +2) [potion of mutation]
160862 | D:1      | Lost mutation: You are frail. (-10% HP) [potion of mutation]
160862 | D:1      | Lost mutation: Your muscles are strong. (Str +2) [potion of mutation]
160862 | D:1      | Gained mutation: You have an increased reservoir of magic. (+10% MP) [potion of mutation]
160862 | D:1      | Gained mutation: Your system is resistant to poisons. (rPois) [potion of mutation]
160863 | D:1      | Lost mutation: Your system is resistant to poisons. (rPois) [potion of mutation]
160863 | D:1      | Lost mutation: You have an increased reservoir of magic. (+10% MP) [potion of mutation]
160863 | D:1      | Gained mutation: You possess an exceptional clarity of mind. [potion of mutation]
160863 | D:1      | Gained mutation: You are robust. (+10% HP) [potion of mutation]
160864 | D:1      | Lost mutation: You are robust. (+10% HP) [potion of mutation]
160864 | D:1      | Lost mutation: You possess an exceptional clarity of mind. [potion of mutation]
160864 | D:1      | Gained mutation: You possess an exceptional clarity of mind. [potion of mutation]
160864 | D:1      | Gained mutation: You have supernaturally acute eyesight. (SInv) [potion of mutation]
160868 | D:$      | Escaped with the Orb!

Skill      XL: |  1  2  3  4  5  6  7  8  9 10 11 12 13 14 15 16 17 18 19 20 21 22 23 24 25 26 27 |
---------------+----------------------------------------------------------------------------------+-----
Armour         | 1 2 3 4 5 6 7 8 9 11 12 13 14 17 18 19 21 23 25 27 | 27.0
Crossbows      | 5 6 8 9 11 13 15 17 19 20 22 23 25 26 27 | 27.0
Maces & Flails | 1 2 3 5 7 8 9 27 | 27.0
Fighting       | 3 4 5 6 7 9 10 12 13 14 15 16 17 19 20 22 24 26 27 | 27.0
Dodging        | 3 4 5 6 7 8 9 10 11 12 13 14 15 27 | 27.0
Stealth        | 1 2 3 4 5 6 7 26 | 26.1
Invocations    | 1 2 3 4 5 6 27 | 27.0
Evocations     | 1 2 4 5 23 | 23.3
Shields        | 1 12 | 12.2
Throwing       | 14 | 14.0
Long Blades    | 1 |  1.0
Spellcasting   | 2 21 | 21.9
Charms         | 15 | 15.8
Hexes          | 5 |  5.0
Translocations | 14 | 14.5

Action                   |  1- 3 |  4- 6 |  7- 9 | 10-12 | 13-15 | 16-18 | 19-21 | 22-24 | 25-27 || total
-------------------------+-------+-------+-------+-------+-------+-------+-------+-------+-------++-------
Melee: Club              |    90 |    33 |       |       |       |       |       |       |       ||   123
       Headbutt          |    10 |     8 |    29 |    11 |     9 |     3 |       |     1 |   289 ||   360
       Short sword       |     1 |       |       |       |       |       |       |       |       ||     1
       Flail             |       |    54 |   167 |    51 |    28 |     4 |       |       |       ||   304
       Heavy crossbow    |       |       |       |       |       |     1 |       |       |       ||     1
       Triple crossbow   |       |       |       |       |       |       |     1 |       |       ||     1
       Dire flail        |       |       |       |       |       |       |       |     5 |       ||     5
       Great mace        |       |       |       |       |       |       |       |       |  1069 ||  1069
 Fire: Hand crossbow     |    11 |    68 |   143 |       |       |       |       |       |     3 ||   225
       Arbalest          |       |       |    64 |   657 |   684 |       |     7 |    51 |   334 ||  1797
       Triple crossbow   |       |       |       |       |   531 |   874 |   878 |  1109 |  9784 || 13176
       Heavy crossbow    |       |       |       |       |       |   216 |   309 |   120 |    34 ||   679
 Cast: Swiftness         |       |       |       |       |       |       |       |       |     1 ||     1
Invok: Heroism           |       |       |     3 |    26 |    14 |     4 |     9 |    14 |     3 ||    73
       Finesse           |       |       |       |     2 |       |     1 |       |       |     6 ||     9
       Divine Shield     |       |       |       |       |       |       |       |       |    52 ||    52
       Cleansing Flame   |       |       |       |       |       |       |       |       |    37 ||    37
       Summon Divine War |       |       |       |       |       |       |       |       |    12 ||    12
       Brand Weapon With |       |       |       |       |       |       |       |       |     1 ||     1
 Abil: Evoke Flight      |       |       |       |       |       |     8 |       |       |     4 ||    12
       Stop Flying       |       |       |       |       |       |       |       |       |     4 ||     4
Evoke: Wand              |       |     1 |     3 |     1 |    12 |     1 |     1 |     2 |    31 ||    52
       Box of beasts     |       |       |       |       |       |       |       |       |     8 ||     8
       Figurine of a zig |       |       |       |       |       |       |       |       |     1 ||     1
  Use: Scroll            |       |       |    14 |    10 |    20 |     8 |    27 |     5 |   120 ||   204
       Potion            |       |       |     3 |     4 |       |     1 |       |     1 |    76 ||    85
  Eat: Chunk             |     2 |     6 |    13 |    24 |    36 |    40 |    30 |    29 |    88 ||   268
       Fruit             |       |       |     2 |     4 |     2 |     2 |     9 |     3 |    50 ||    72
       Meat ration       |       |       |       |       |       |       |       |     1 |    15 ||    16
       Royal jelly       |       |       |       |       |       |       |       |       |    42 ||    42
       Bread ration      |       |       |       |       |       |       |       |       |     2 ||     2
Armor: Leather armour    |    20 |     8 |       |       |       |       |       |       |       ||    28
       Ring mail         |       |    34 |   104 |    17 |    20 |       |       |       |       ||   175
       Chain mail        |       |       |       |    51 |       |       |       |       |       ||    51
       Scale mail        |       |       |       |    66 |   193 |   198 |    70 |       |       ||   527
       Shadow dragon sca |       |       |       |       |       |       |   227 |   361 |  2175 ||  2763
       Gold dragon scale |       |       |       |       |       |       |       |       |   359 ||   359
       Robe              |       |       |       |       |       |       |       |       |     5 ||     5
       Skin              |       |       |       |       |       |       |       |       |     1 ||     1
Dodge: Dodged            |    81 |    75 |   171 |   230 |   344 |   373 |   445 |   671 |  7308 ||  9698
Block: Other             |       |       |       |       |       |       |       |       |  1419 ||  1419
       Reflection        |       |       |       |       |       |       |       |       |    34 ||    34
